 Dungeon Crawl Stone Soup version 0.31.0-9-g3a7656b989 (webtiles) character file.

Game seed: 9550251512268572626

557046 qw the Intangible (level 24, -10/149 HPs)
             Began as a Spriggan Hunter on Feb 2, 2024.
             Was a High Priest of Okawaru.
             Incinerated by a balrug (12 damage)
             ... with a pyre arrow
             ... on level 4 of the Depths.
             The game lasted 00:24:06 (43871 turns).

qw the Intangible (Spriggan Hunter)                Turns: 43871, Time: 00:24:06

Health: -10/149    AC: 15    Str:  7    XL:     24   Next: 61%
Magic:  31/31      EV: 60    Int: 13    God:    Okawaru [*****.]
Gold:   4527       SH:  0    Dex: 33    Spells: 23/23 levels left

rFire   + . .        v - +6 arbalest "Damnation" {damnation}
rCold   + . .        (shield currently unavailable)
rNeg    + + .        n - +5 steam dragon scales
rPois   +            b - +0 hat "Voto" {+Blink Fly rN+}
rElec   .            r - +2 cloak of Curiosity {rC++}
rCorr   .            (gloves unavailable)
SInv    +            (boots unavailable)
Will    ++++.        y - amulet of faith
Stlth   +            x - ring of the Skies Above {Fire Int-3 Dex+5}
HPRegen 0.44/turn    C - ring "Ixuenan" {rPois rN+ Int+4 Slay+5}
MPRegen 0.22/turn

%: faith
@: on fire, flying, glowing, very quick
A: very small, no large weapons, unfitting armour, see invisible, speed 3
}: 3/15 runes: serpentine, barnacled, silver
a: Renounce Religion, Evoke Blink, Heroism, Finesse, Duel


You were on level 4 of the Depths.
You worshipped Okawaru.
Okawaru was extremely pleased with you.
You visited 9 branches of the dungeon, and saw 41 of its levels.

You collected 10595 gold pieces.
You spent 6068 gold pieces at shops.


Innate Abilities, Weirdness & Mutations

You are very small and have problems with some larger weapons.
You are too small for most types of armour.
You have supernaturally acute eyesight. (SInv)
You cover ground extremely quickly. (Speed+++)


   Skills:
 - Level 23.2 Fighting
 + Level 22.6 Ranged Weapons
 - Level 10.0 Armour
 O Level 27 Dodging
 - Level 1.5 Stealth
 - Level 10.0 Invocations


You had 23 spell levels left.
You didn't know any spells.
Your spell library was empty.

Inventory:

Hand Weapons
 v - the +6 arbalest "Damnation" (weapon) {damnation}
   (Okawaru gifted it to you on level 12 of the Dungeon)
Armour
 b - the +0 hat "Voto" (worn) {+Blink Fly rN+}
   (You acquired it on level 2 of the Dungeon)

   rN+:       It protects you from negative energy.
   Fly:       It grants you flight.
   +Blink:    It lets you blink.
 n - +5 steam dragon scales (worn)
 r - the +2 cloak of Curiosity (worn) {rC++}
   (Okawaru gifted it to you on level 12 of the Dungeon)

   rC++:      It greatly protects you from cold.
 A - a +2 cloak of poison resistance
 E - the +0 cloak of Livitod {rF+ Int+3 Dex-2 SInv}
   (You bought it in a shop on level 1 of the Vaults)

   Int+3:     It affects your intelligence (+3).
   Dex-2:     It affects your dexterity (-2).
   rF+:       It protects you from fire.
   SInv:      It lets you see invisible.
Jewellery
 e - a +6 ring of dexterity
 w - an amulet of reflection
 x - the ring of the Skies Above (left hand) {Fire Int-3 Dex+5}
   (You took it off a yaktaur captain on level 4 of the Vaults)

   [ring of fire]

   Fire:      It enhances your fire magic.
   Int-3:     It affects your intelligence (-3).
   Dex+5:     It affects your dexterity (+5).
   rF+:       It protects you from fire.
   rC-:       It makes you vulnerable to cold.
 y - an amulet of faith (around neck)
 z - the ring "Domeno" {Fire +Blink rPois Dex+3}
   (You found it on level 4 of the Lair of Beasts)

   [ring of fire]

   Fire:      It enhances your fire magic.
   Dex+3:     It affects your dexterity (+3).
   rF+:       It protects you from fire.
   rC-:       It makes you vulnerable to cold.
   rPois:     It protects you from poison +Blink: It lets you blink.
 C - the ring "Ixuenan" (right hand) {rPois rN+ Int+4 Slay+5}
   (You took it off a fire giant on level 5 of the Vaults)

   [ring of positive energy]

   Int+4:     It affects your intelligence (+4).
   Slay+5:    It affects your accuracy & damage with ranged weapons and melee
   (+5).
   rPois:     It protects you from poison rN+: It protects you from negative
   energy.
 Y - a +6 ring of dexterity
Wands
 g - a wand of charming (7)
 h - a wand of polymorph (35)
 m - a wand of digging (23)
 q - a wand of iceblast (33)
 D - a wand of light (3)
Scrolls
 c - 16 scrolls of identify
 l - 7 scrolls of teleportation
 s - a scroll of brand weapon
 u - 3 scrolls of enchant armour
Potions
 a - 3 potions of haste
 d - 12 potions of might
 f - 2 potions of resistance
 i - a potion of heal wounds
 j - 8 potions of mutation
 k - 17 potions of curing
 o - 5 potions of enlightenment
 p - a potion of cancellation
 t - 4 potions of magic

Dungeon Overview and Level Annotations

Branches:
Dungeon (15/15)            Temple (1/1) D:4            Lair (5/5) D:9
 Shoals (4/4) Lair:3        Snake (4/4) Lair:2        Slime (0/5) Lair:4
    Orc (2/2) D:11            Elf (0/3) Orc:2        Vaults (5/5) D:13
  Crypt (0/3) Vaults:2     Depths (4/4) D:15            Zot (1/5) Depths:4

Altars:
Ashenzari
Cheibriados
Dithmenos
Elyvilon
Fedhas
Gozag
Hepliaklqana
Kikubaaqudgha
Makhleb
Nemelex Xobeh
Okawaru
Qazlal
Ru
Sif Muna
Trog
Uskayaw
Vehumet
Wu Jian
Xom
Yredelemnul
Zin
The Shining One

Shops:
D:3 *(:[   D:5 **   D:6 =   Orc:2 *[:[=(:   Snake:2 :=:   Vaults:1 ([
Depths:4 !

Portals:
Hell: Depths:1 Depths:2 Depths:3 Depths:4
Abyss: Depths:3
Pandemonium: Depths:2 Depths:3 Depths:4
Ziggurat: Depths:1
Trove: D:12 (give +4 fire dragon scales)

Annotations:
D:6 1 runed translucent door, Crazy Yiuf
Lair:5 1 runed translucent door, qw's ghost, journeyman GrHu
Shoals:2 2 transporters, Loidof's ghost, adept MiFi
Shoals:4 1 runed translucent door, archon2's ghost, adept DEFE
Depths:2 3 runed translucent doors, qw's ghost, adept GrHu
Depths:3 2 runed translucent doors


Message History

The damnation bolt barely misses the balrug.
The liquid fire burns you! The balrug gestures at you. The pyre arrow hits you.
You are even more covered in intense liquid fire!
You shoot a damnation bolt.
The damnation bolt closely misses the balrug.
The liquid fire burns you! The balrug gestures at you.
The pyre arrow misses you.
You shoot a damnation bolt. The damnation bolt hits the balrug!
You kill the balrug!
Okawaru accepts your kill.
The damnation bolt explodes!
The liquid fire burns you!
You are on fire!
The liquid fire burns you!
You are on fire!
The liquid fire burns you!
You are on fire!
The liquid fire burns you!
You are on fire!
The liquid fire burns you!
You are on fire!
The liquid fire burns you!
You are on fire!
The liquid fire burns you!
You are on fire!
The liquid fire burns you!
You are on fire!
The liquid fire burns you!
You are on fire!
The liquid fire burns you!
You are on fire!
The liquid fire burns you!
You are on fire!
The liquid fire burns you!
You are on fire!
The liquid fire burns you!
You die...

.#######...# #..()......##...##.
...........# ##[#...)....###..##
...........# #)#..........#####
.#.........#####[######..........
.##..#.#...##.......###.........#
...........#.###)###.##.........#
........[..#/###)###.##.........#
..........##.##.).##.###........#
.######..[.)[.'.@.'.............#
.# ##.#[[.##...##.###......... .#
#?..[[###'###.##.......... .#
#...#.###.###.##.......... .#
#...##.......###.......... .#
#....##.#.#### #.......... .#
#.........# #.......... .#
#.[.....#.######.......... .#
#.........................


There were no monsters in sight!

Vanquished Creatures
  Frederick (Vaults:2)
  2 dread liches (Vaults:5)
  2 ancient liches (Vaults:5)
  Mara (Depths:1)
  Mennas (Vaults:2)
  Xtahua (Vaults:4)
  Boris (twice) (Vaults:4 Vaults:5)
  Vashnia (Snake:2)
  Parghit (Depths:4)
  Saint Roka (Snake:4)
  2 caustic shrikes
  Margery (Vaults:4)
  2 bone dragons (Depths:4)
  6 golden dragons
  Nikola (Lair:3)
  Norris (Vaults:4)
  2 doom hounds (Depths:4)
  6 tentacled monstrosities
  Grunn (Depths:4)
  A lich (Depths:2)
  A walking earthen tome (Depths:2)
  5 quicksilver dragons
  3 sphinxes
  2 krakens
  A searing wretch (Vaults:4)
  Frances (Snake:2)
  5 titans (Vaults:5)
  A walking frostbound tome (Depths:4)
  Polyphemus (Shoals:4)
  9 tengu reavers
  2 storm dragons (Depths:4)
  Agnes (D:14)
  3 shadow dragons
  Aizul (Snake:1)
  7 nagarajas
  A draconian shifter (Depths:4)
  13 vault wardens
  A draconian knight (Depths:4)
  11 fire giants
  5 frost giants
  A deep elf sorcerer (Vaults:5)
  An iron dragon (Depths:1)
  5 orc warlords
  3 balrugs (Depths:4)
  A reaper (Depths:4)
  A spriggan defender (Depths:3)
  23 very ugly things
  16 stone giants
  21 ironbound preservers
  8 ironbound thunderhulks
  4 vampire knights
  A deep elf annihilator (Vaults:5)
  2 red draconians (Depths:4)
  3 war gargoyles (Vaults:5)
  2 black draconians
  A deep elf death mage (Vaults:4)
  2 white draconians (Depths:4)
  Nessos (Orc:2)
  10 dire elephants
  6 spark wasps (Depths:1)
  15 ettins
  A green death (Depths:3)
  Snorg (Lair:4)
  4 merfolk javelineers
  Josephine (Orc:1)
  23 yaktaur captains
  8 fire dragons
  3 entropy weavers
  8 merfolk impalers
  2 quicksilver dragon zombies (D:15)
  Fannar (Orc:1)
  A deep elf high priest (Vaults:5)
  A jiangshi (Vaults:2)
  33 vault guards
  A hydra (Lair:5)
  4 salamander tyrants
  Harold (D:10)
  12 ice dragons
  2 catoblepae
  3 rakshasas (Depths:1)
  9 great orbs of eyes
  8 spriggan air magi
  7 ironbound frosthearts
  5 boulder beetles
  4 ogre magi
  A death knight (Vaults:2)
  4 merfolk avatars
  6 centaur warriors
  7 merfolk aquamancers (Shoals:4)
  10 anacondas
  8 death yaks
  5 two-headed ogres
  2 alligator snapping turtles (Shoals:3)
  8 deep troll earth magi
  2 satyrs (Shoals:4)
  3 orc high priests (Orc:2)
  3 tengu warriors
  4 deep troll shamans
  21 naga warriors
  2 occultists
  Sonja (Orc:1)
  A vampire mage (Vaults:2)
  13 spriggan berserkers
  25 hell knights
  4 shock serpents
  15 naga sharpshooters
  A sun demon (Depths:2)
  2 soul eaters
  8 salamander mystics
  A spark wasp zombie (D:15)
  A skyshark (shapeshifter) (Vaults:5)
  8 iron trolls
  A fire crab (Lair:5)
  6 skysharks
  2 skeletal warriors (D:15)
  A glowing orange brain (shapeshifter) (Depths:4)
  A death drake (shapeshifter) (Vaults:5)
  12 sea snakes
  Lodul (D:14)
  10 naga ritualists
  11 arcanists
  21 mana vipers
  5 flayed ghosts
  6 glowing orange brains
  39 deep trolls
  20 ironbound convokers
  13 lindwurms
  5 phantasmal warriors
  12 orc knights
  4 deep elf pyromancers
  8 necromancers
  A steelbarb worm (shapeshifter) (Vaults:5)
  8 harpies (Shoals:4)
  6 orc sorcerers
  14 manticores
  7 fauns
  44 ugly things
  A faun (shapeshifter) (Vaults:5)
  5 cyclopes
  15 salamanders
  A meliai (shapeshifter) (Vaults:5)
  Maurice (D:11)
  17 merfolk sirens
  An elephant (shapeshifter) (Vaults:5)
  7 guardian serpents
  47 black mambas
  Joseph (D:9)
  14 elephants
  20 naga magi
  15 vault sentinels
  5 water nymphs
  2 kobold blastminers (Orc:2)
  An eye of devastation (shapeshifter) (Vaults:5)
  An ice statue (Lair:2)
  A spriggan zombie (Depths:1)
  2 torpor snails (shapeshifter) (Vaults:5)
  A kobold demonologist (D:12)
  15 cane toads
  5 rime drakes
  28 yaktaurs
  A hellion (Depths:4)
  A tormentor (Depths:2)
  3 tengu conjurers
  5 komodo dragons
  4 freezing wraiths
  Psyche (D:12)
  An efreet (D:15)
  25 merfolk
  9 polar bears
  2 spriggan skeletons (Depths:1)
  11 trolls
  6 wind drakes
  8 blink frogs
  A tarantella (Vaults:1)
  9 hornets
  Grinder (D:3)
  11 snapping turtles
  19 slime creatures
  2 vampires
  2 shadows
  3 spriggans
  9 water elementals
  8 wraiths
  25 yaks
  A ynoxinul (Depths:2)
  10 wyverns
  5 steam dragons
  6 vampire mosquitoes
  4 basilisks
  2 redbacks
  3 wargs
  2 acid dragons
  46 nagas
  A glowing shapeshifter zombie (Depths:1)
  35 orc warriors
  18 water moccasins
  2 sky beasts (D:7)
  6 ice beasts (Lair:2)
  A black bear (D:9)
  2 laughing skulls (D:14)
  2 wolves (Lair:1)
  16 ogres
  8 boggarts
  3 centaurs
  A phantom (D:6)
  2 kobold brigands
  15 bullfrogs
  3 gnoll sergeants
  A scorpion (D:5)
  11 wights
  3 killer bees (D:11)
  4 electric eels (D:11)
  4 howler monkeys
  A lava snake (D:13)
  22 orc priests
  A bombardier beetle (D:5)
  4 hounds
  2 jellies
  A gnoll bouda (D:6)
  A sleepcap (D:6)
  3 iguanas
  24 orc wizards
  7 hell rats (Lair:2)
  23 gnolls
  4 adders
  A river rat (D:6)
  4 white imps
  4 ribbon worms
  8 dart slugs
  86 orcs
  5 endoplasms
  4 giant cockroaches
  11 goblins
  14 hobgoblins
  19 kobolds
  4 quokkas
  9 ball pythons
  8 bats
  5 frilled lizards
  5 rats
  7 tentacles
1681 creatures vanquished.

Vanquished Creatures (others)
  A salamander (Snake:2)
  A merfolk (Shoals:4)
  A snapping turtle (Shoals:4)
  A naga (Snake:4)
  2 tentacles (Shoals:1)
6 creatures vanquished.

Grand Total: 1687 creatures vanquished

Notes
Turn   | Place    | Note
-------+----------+-------------------------------------------
     0 | D:1      | qw the Spriggan Hunter began the quest for the Orb.
     0 | D:1      | Reached XP level 1. HP: 10/10 MP: 2/2
     0 | D:1      | 0 ||| qw: Version: 0.3-a-155-g5e7d8dd
     0 | D:1      | 0 ||| qw: Game counter: 2846
     0 | D:1      | 0 ||| qw: Melee chars always use a shield: true
     0 | D:1      | 0 ||| qw: God list: Okawaru
     0 | D:1      | 0 ||| qw: Allow faded altars: false
     0 | D:1      | 0 ||| qw: Do Orc after clearing Dungeon:15 true
     0 | D:1      | 0 ||| qw: Do second Lair branch before Depths: true
     0 | D:1      | 0 ||| qw: Lair rune preference: random
     0 | D:1      | 0 ||| qw: Goals: Normal
     0 | D:1      | 0 ||| PLANNING D:1-11
    27 | D:1      | Reached skill level 3 in Dodging
    52 | D:1      | Reached XP level 2. HP: 14/14 MP: 3/3
    80 | D:1      | Reached skill level 4 in Dodging
   713 | D:1      | 713 ||| UPGRADING to ring of positive energy.
   714 | D:1      | 714 ||| DROPPING ring of wizardry.
   715 | D:1      | 715 ||| READING scroll labelled FEJIAM PUXUNY.
   715 | D:1      | 715 ||| IDENTIFYING purple potion
   716 | D:1      | 716 ||| READING scroll labelled QUEMMUO PUAMN.
   817 | D:1      | 817 ||| DROPPING scroll of butterflies.
   818 | D:1      | 818 ||| DROPPING potion of attraction.
   880 | D:2      | Reached XP level 3. HP: 9/18 MP: 4/4
  1151 | D:2      | Found a faded altar of an unknown god.
  1320 | D:2      | Reached XP level 4. HP: 22/22 MP: 5/5
  1588 | D:2      | 1588 ||| READING 2 scrolls of identify.
  1588 | D:2      | 1588 ||| IDENTIFYING blue potion
  1589 | D:2      | 1589 ||| READING scroll of identify.
  1589 | D:2      | 1589 ||| IDENTIFYING 4 fizzy blue potions
  1590 | D:2      | 1590 ||| READING scroll labelled FATUCA IFYEBB.
  1590 | D:2      | 1590 ||| ENCHANTING +0 shortbow.
  1591 | D:2      | 1591 ||| READING scroll labelled RUIFEY SURPH.
  1591 | D:2      | Identified a scroll of acquirement
  1591 | D:2      | 1591 ||| ACQUIRING +0 hat "Voto" {+Blink Fly rN+}
  1591 | D:2      | Acquired the +0 hat "Voto" {+Blink Fly rN+}
  1593 | D:2      | 1593 ||| UPGRADING to +0 hat "Voto" {+Blink Fly rN+}.
  1672 | D:3      | Found Zaumnism's Book Emporium.
  1673 | D:3      | 1673 ||| SWAPPING to +0 orcbow.
  1677 | D:3      | 1677 ||| DROPPING +0 shortbow.
  1709 | D:3      | Found Osu Idi's Antique Weapon Emporium.
  1942 | D:3      | Found Adghaepyo's Assorted Antiques.
  1945 | D:3      | 1945 ||| BUYING 3 scrolls labelled KOULOA PAZI (60 gold).
  1945 | D:3      | Bought 3 scrolls labelled KOULOA PAZI for 60 gold pieces
  1945 | D:3      | 1945 ||| SHOPLISTING jewelled silver wand (80 gold, have
                  | 55).
  1945 | D:3      | 1945 ||| BUYING scroll labelled ATUTONG FAIR (20 gold).
  1945 | D:3      | Bought a scroll labelled ATUTONG FAIR for 20 gold pieces
  1945 | D:3      | 1945 ||| BUYING scroll labelled HOZUMU WEKYMM (20 gold).
  1945 | D:3      | Bought a scroll labelled HOZUMU WEKYMM for 20 gold pieces
  1945 | D:3      | 1945 ||| SHOPLISTING scroll labelled YRITENL ADAN (20 gold,
                  | have 15).
  1945 | D:3      | 1945 ||| SHOPLISTING scroll labelled YZXUKIQ AP SUDGH (20
                  | gold, have 15).
  1945 | D:3      | 1945 ||| SHOPLISTING scroll of identify (40 gold, have 15).
  1995 | D:3      | Reached skill level 5 in Dodging
  2053 | D:3      | Noticed Grinder
  2054 | D:3      | 2054 ||| DRINKING potion of haste.
  2062 | D:3      | Killed Grinder
  2063 | D:3      | Reached skill level 3 in Fighting
  2063 | D:3      | Reached XP level 5. HP: 29/29 MP: 6/6
  2063 | D:3      | Reached XP level 6. HP: 33/33 MP: 7/7
  2068 | D:3      | 2068 ||| FLEEEEING.
  2069 | D:3      | 2069 ||| FLEEEEING.
  2070 | D:3      | 2070 ||| FLEEEEING.
  2071 | D:3      | 2071 ||| FLEEEEING.
  2072 | D:3      | 2072 ||| FLEEEEING.
  2073 | D:3      | 2073 ||| FLEEEEING.
  2074 | D:3      | 2074 ||| FLEEEEING.
  2075 | D:3      | 2075 ||| FLEEEEING.
  2076 | D:3      | 2076 ||| FLEEEEING.
  2077 | D:3      | 2077 ||| FLEEEEING.
  2078 | D:3      | 2078 ||| FLEEEEING.
  2079 | D:3      | 2079 ||| FLEEEEING.
  2080 | D:3      | 2080 ||| FLEEEEING.
  2081 | D:3      | 2081 ||| FLEEEEING.
  2082 | D:3      | 2082 ||| FLEEEEING.
  2083 | D:3      | 2083 ||| FLEEEEING.
  2084 | D:3      | 2084 ||| FLEEEEING.
  2085 | D:3      | 2085 ||| FLEEEEING.
  2086 | D:3      | 2086 ||| FLEEEEING.
  2087 | D:3      | 2087 ||| FLEEEEING.
  2088 | D:3      | 2088 ||| FLEEEEING.
  2089 | D:3      | 2089 ||| FLEEEEING.
  2174 | D:3      | Found Riotioc's Antique Armour Shop.
  2474 | D:3      | 2474 ||| UPGRADING to ring of protection from fire.
  2475 | D:3      | 2475 ||| READING scroll of identify.
  2475 | D:3      | 2475 ||| IDENTIFYING green potion
  2476 | D:3      | 2476 ||| READING 3 scrolls labelled KOULOA PAZI.
  2577 | D:3      | 2577 ||| READING scroll labelled ATUTONG FAIR.
  2578 | D:3      | 2578 ||| READING scroll labelled HOZUMU WEKYMM.
  2579 | D:3      | 2579 ||| DRINKING 2 murky sapphire potions.
  2580 | D:3      | 2580 ||| DROPPING 2 scrolls of silence.
  2582 | D:3      | 2582 ||| Stepping ~*~*~tactically~*~*~ (cloud).
  2686 | D:4      | 2686 ||| STAIRDANCE
  2704 | D:4      | 2704 ||| STAIRDANCE
  2713 | D:4      | 2713 ||| STAIRDANCE
  2760 | D:4      | 2760 ||| STAIRDANCE
  2822 | D:4      | Reached skill level 6 in Ranged Weapons
  3225 | D:4      | Found a bloodstained altar of Trog.
  3236 | D:4      | Found a staircase to the Ecumenical Temple.
  3237 | D:4      | 3237 ||| PLANNING TEMPLE
  3237 | D:4      | 3237 ||| READING scroll labelled YRITENL ADAN.
  3311 | Temple   | Entered the Ecumenical Temple
  3312 | Temple   | 3312 ||| PLANNING D:1-11
  3393 | D:4      | 3393 ||| FLEEEEING.
  3394 | D:4      | 3394 ||| FLEEEEING.
  3395 | D:4      | 3395 ||| FLEEEEING.
  3396 | D:4      | 3396 ||| FLEEEEING.
  3397 | D:4      | 3397 ||| FLEEEEING.
  3412 | D:4      | Reached XP level 7. HP: 29/37 MP: 8/8
  3532 | D:4      | Reached skill level 6 in Dodging
  3774 | D:5      | Entered Level 5 of the Dungeon
  3947 | D:5      | 3947 ||| DRINKING 2 potions of curing.
  3947 | D:5      | 3947 ||| (to cure confusion)
  4034 | D:5      | Found a sacrificial altar of Ru.
  4070 | D:5      | Found Fovud's Fabulous Fripperies.
  4074 | D:5      | Reached skill level 7 in Dodging
  4083 | D:5      | 4083 ||| SHOPLISTING amulet of faith (520 gold, have 225).
  4083 | D:5      | 4083 ||| SHOPLISTING wand of flame (30) (273 gold, have
                  | 225).
  4336 | D:5      | Found a shadowy altar of Dithmenos.
  4395 | D:5      | Found Qiegguch's Assorted Antiques.
  4398 | D:5      | 4398 ||| BUYING 2 glowing sapphire potions (50 gold).
  4398 | D:5      | Bought 2 glowing sapphire potions for 50 gold pieces
  4398 | D:5      | 4398 ||| BUYING runed orcbow (182 gold).
  4398 | D:5      | Bought a runed orcbow for 182 gold pieces
  4398 | D:5      | 4398 ||| BUYING scroll labelled YZXUKIQ AP SUDGH (28 gold).
  4398 | D:5      | Bought a scroll labelled YZXUKIQ AP SUDGH for 28 gold
                  | pieces
  4398 | D:5      | 4398 ||| SHOPLISTING scroll of teleportation (84 gold, have
                  | 22).
  4398 | D:5      | 4398 ||| SHOPLISTING white potion (25 gold, have 22).
  4398 | D:5      | 4398 ||| SWAPPING to +4 orcbow.
  4399 | D:5      | 4399 ||| DROPPING +0 orcbow.
  4467 | D:5      | 4467 ||| READING scroll of identify.
  4467 | D:5      | 4467 ||| IDENTIFYING 4 glowing sapphire potions
  4468 | D:5      | 4468 ||| READING scroll labelled YZXUKIQ AP SUDGH.
  4514 | D:5      | Reached XP level 8. HP: 42/42 MP: 9/9
  4523 | D:6      | 4523 ||| PLANNING SEWER
  4523 | D:6      | 4523 ||| STAIRDANCE
  4540 | D:6      | 4540 ||| STAIRDANCE
  4545 | D:6      | 4545 ||| STAIRDANCE
  4624 | D:6      | 4624 ||| STAIRDANCE
  4886 | D:6      | Reached skill level 8 in Dodging
  4971 | D:6      | Found Nagyni's Jewellery Emporium.
  4980 | D:6      | 4980 ||| SHOPLISTING +6 ring of dexterity (396 gold, have
                  | 28).
  4980 | D:6      | 4980 ||| SHOPLISTING amulet of guardian spirit (330 gold,
                  | have 28).
  4980 | D:6      | 4980 ||| SHOPLISTING amulet of the acrobat (330 gold, have
                  | 28).
  4980 | D:6      | 4980 ||| SHOPLISTING ring of ice (275 gold, have 28).
  4980 | D:6      | 4980 ||| SHOPLISTING ring of positive energy (220 gold,
                  | have 28).
  5112 | D:6      | 5112 ||| RETREEEEATING.
  5129 | D:6      | Reached skill level 9 in Ranged Weapons
  5445 | D:6      | Found a glowing drain.
  5446 | D:6      | 5446 ||| RIP SEWER
  5446 | D:6      | 5446 ||| PLANNING D:1-11
  5486 | D:6      | Found a runed translucent door.
  5487 | D:6      | Noticed Crazy Yiuf
  5655 | D:6      | Reached skill level 9 in Dodging
  5743 | D:6      | 5743 ||| READING 3 scrolls labelled FEGHATW JIUS.
  5744 | D:6      | 5744 ||| DROPPING 2 scrolls of fear.
  5871 | D:7      | Reached XP level 9. HP: 45/45 MP: 10/10
  5877 | D:7      | 5877 ||| FLEEEEING.
  5878 | D:7      | 5878 ||| FLEEEEING.
  5879 | D:7      | 5879 ||| FLEEEEING.
  5880 | D:7      | 5880 ||| FLEEEEING.
  5881 | D:7      | 5881 ||| FLEEEEING.
  5882 | D:7      | 5882 ||| FLEEEEING.
  5883 | D:7      | 5883 ||| FLEEEEING.
  5884 | D:7      | 5884 ||| FLEEEEING.
  5885 | D:7      | 5885 ||| FLEEEEING.
  5978 | D:7      | 5978 ||| FLEEEEING.
  5984 | D:7      | 5984 ||| FLEEEEING.
  5985 | D:7      | 5985 ||| FLEEEEING.
  5986 | D:7      | 5986 ||| FLEEEEING.
  5987 | D:7      | 5987 ||| STAIRDANCE
  6025 | D:6      | 6025 ||| DROPPING +6 ring of intelligence.
  6026 | D:6      | 6026 ||| READING scroll labelled YLYONAKYEBB.
  6026 | D:6      | 6026 ||| ENCHANTING +4 orcbow.
  6077 | D:7      | 6077 ||| FLEEEEING.
  6078 | D:7      | 6078 ||| FLEEEEING.
  6079 | D:7      | 6079 ||| FLEEEEING.
  6080 | D:7      | 6080 ||| FLEEEEING.
  6081 | D:7      | 6081 ||| FLEEEEING.
  6082 | D:7      | 6082 ||| FLEEEEING.
  6083 | D:7      | 6083 ||| FLEEEEING.
  6084 | D:7      | 6084 ||| FLEEEEING.
  6194 | D:7      | 6194 ||| RETREEEEATING.
  6195 | D:7      | 6195 ||| RETREEEEATING.
  6207 | D:7      | Reached skill level 10 in Dodging
  6211 | D:7      | HP: 8/45 [sky beast (6)]
  6212 | D:7      | 6212 ||| DRINKING 2 potions of heal wounds.
  6476 | D:7      | 6476 ||| READING 3 scrolls labelled SIPOPR PIDEING.
  6477 | D:7      | 6477 ||| READING scroll labelled MEWKIX HIXE.
  6478 | D:7      | 6478 ||| DROPPING 2 scrolls of amnesia.
  6817 | D:8      | Noticed a troll
  6823 | D:8      | Killed a troll
  6824 | D:8      | Reached skill level 11 in Dodging
  6830 | D:8      | 6830 ||| RETREEEEATING.
  6831 | D:8      | 6831 ||| RETREEEEATING.
  6832 | D:8      | 6832 ||| RETREEEEATING.
  6833 | D:8      | 6833 ||| RETREEEEATING.
  6834 | D:8      | 6834 ||| RETREEEEATING.
  6835 | D:8      | 6835 ||| RETREEEEATING.
  6836 | D:8      | 6836 ||| RETREEEEATING.
  6837 | D:8      | 6837 ||| RETREEEEATING.
  6838 | D:8      | 6838 ||| RETREEEEATING.
  7283 | D:8      | 7283 ||| UPGRADING to +0 steam dragon scales.
  7293 | D:8      | 7293 ||| DROPPING +0 robe.
  7294 | D:8      | 7294 ||| READING 3 scrolls of enchant armour.
  7294 | D:8      | 7294 ||| ENCHANTING +0 steam dragon scales.
  7295 | D:8      | 7295 ||| READING 2 scrolls of enchant armour.
  7295 | D:8      | 7295 ||| ENCHANTING +1 steam dragon scales.
  7296 | D:8      | 7296 ||| READING scroll of enchant armour.
  7296 | D:8      | 7296 ||| ENCHANTING +2 steam dragon scales.
  7297 | D:8      | 7297 ||| UPGRADING to +6 ring of strength.
  7324 | D:9      | Reached skill level 1 in Armour
  7441 | D:9      | 7441 ||| FLEEEEING.
  7442 | D:9      | 7442 ||| FLEEEEING.
  7443 | D:9      | 7443 ||| FLEEEEING.
  7509 | D:9      | Noticed a komodo dragon
  7538 | D:9      | Killed a komodo dragon
  7539 | D:9      | Reached XP level 10. HP: 50/50 MP: 11/11
  7572 | D:9      | Reached skill level 12 in Dodging
  7597 | D:9      | Found a snail-covered altar of Cheibriados.
  7598 | D:9      | Noticed Joseph
  7619 | D:9      | Killed Joseph
  7630 | D:9      | HP: 5/50 [troll (10)]
  7631 | D:9      | 7631 ||| DRINKING 2 potions of heal wounds.
  7827 | D:9      | Reached skill level 12 in Ranged Weapons
  7830 | D:9      | Found a staircase to the Lair.
  7951 | D:9      | 7951 ||| READING scroll of identify.
  7951 | D:9      | 7951 ||| IDENTIFYING white potion
  7952 | D:9      | 7952 ||| READING scroll labelled KIWEACE GIMISUMACW.
  8026 | D:9      | 8026 ||| READING scroll labelled HAHIUVVOEV.
  8033 | D:10     | Entered Level 10 of the Dungeon
  8076 | D:10     | Noticed Harold
  8078 | D:10     | 8078 ||| ZAPPING wand of iceblast (7) at 1,-3 (Harold;
                  | floor).
  8079 | D:10     | 8079 ||| ZAPPING wand of iceblast (6) at 1,-3 (Harold;
                  | floor).
  8080 | D:10     | 8080 ||| ZAPPING wand of iceblast (5) at 1,-2 (Harold;
                  | floor).
  8084 | D:10     | 8084 ||| ZAPPING wand of iceblast (4) at 1,-2 (Harold;
                  | floor).
  8085 | D:10     | 8085 ||| ZAPPING wand of iceblast (3) at 1,-2 (Harold;
                  | floor).
  8086 | D:10     | 8086 ||| ZAPPING wand of iceblast (2) at 1,-2 (Harold;
                  | floor).
  8086 | D:10     | Killed Harold
  8271 | D:10     | 8271 ||| RETREEEEATING.
  8277 | D:10     | 8277 ||| RETREEEEATING.
  8278 | D:10     | 8278 ||| RETREEEEATING.
  8279 | D:10     | 8279 ||| RETREEEEATING.
  8280 | D:10     | 8280 ||| RETREEEEATING.
  8281 | D:10     | 8281 ||| RETREEEEATING.
  8287 | D:10     | Reached skill level 13 in Dodging
  8306 | D:10     | Found a shimmering altar of Xom.
  8306 | D:10     | Found an iron altar of Okawaru.
  8307 | D:10     | 8307 ||| PLANNING OKAWARU WORSHIP
  8314 | D:10     | Became a worshipper of Warmaster Okawaru
  8315 | D:10     | 8315 ||| PLANNING D:1-11
  8369 | D:10     | Reached XP level 11. HP: 55/56 MP: 12/12
  8588 | D:10     | Reached * piety under Okawaru
  8626 | D:10     | Identified the +6 orcbow "Xeutesch" {drain, rC++ Str-5
                  | Dex+5}
  8628 | D:10     | 8628 ||| SWAPPING to +6 orcbow "Xeutesch" {drain, rC++
                  | Str-5 Dex+5}.
  8629 | D:10     | 8629 ||| DROPPING +5 orcbow.
  8789 | D:10     | 8789 ||| PLANNING LAIR
  8809 | Lair:1   | Entered Level 1 of the Lair of Beasts
  9011 | Lair:1   | Reached skill level 1 in Invocations
  9139 | Lair:1   | 9139 ||| RETREEEEATING.
  9146 | Lair:1   | Reached ** piety under Okawaru
  9147 | Lair:1   | Reached skill level 14 in Dodging
  9147 | Lair:1   | Reached skill level 3 in Invocations
  9449 | Lair:1   | 9449 ||| READING 2 scrolls of identify.
  9449 | Lair:1   | 9449 ||| IDENTIFYING sedimented puce potion
  9450 | Lair:1   | 9450 ||| READING scroll of identify.
  9450 | Lair:1   | 9450 ||| IDENTIFYING puce potion
  9451 | Lair:1   | 9451 ||| DROPPING potion of degeneration.
  9452 | Lair:1   | 9452 ||| DROPPING potion of ambrosia.
  9478 | Lair:2   | 9478 ||| READING scroll of enchant armour.
  9478 | Lair:2   | 9478 ||| ENCHANTING +3 steam dragon scales.
  9547 | Lair:2   | 9547 ||| RETREEEEATING.
  9551 | Lair:2   | 9551 ||| RETREEEEATING.
  9553 | Lair:2   | 9553 ||| RETREEEEATING.
  9623 | Lair:2   | 9623 ||| INVOKING Heroism.
  9624 | Lair:2   | 9624 ||| DRINKING potion of haste.
  9643 | Lair:2   | Reached skill level 15 in Dodging
  9650 | Lair:2   | Reached *** piety under Okawaru
  9751 | Lair:2   | 9751 ||| RETREEEEATING.
  9759 | Lair:2   | 9759 ||| RETREEEEATING.
  9796 | Lair:2   | 9796 ||| RETREEEEATING.
  9802 | Lair:2   | Reached **** piety under Okawaru
  9804 | Lair:2   | 9804 ||| RETREEEEATING.
  9806 | Lair:2   | 9806 ||| RETREEEEATING.
  9886 | Lair:2   | Reached XP level 12. HP: 60/60 MP: 16/16
  9978 | Lair:2   | 9978 ||| RETREEEEATING.
  9985 | Lair:2   | 9985 ||| INVOKING Finesse.
  9986 | Lair:2   | 9986 ||| INVOKING Heroism.
 10076 | Lair:2   | Found a staircase to the Snake Pit.
 10397 | Lair:3   | 10397 ||| RETREEEEATING.
 10408 | Lair:3   | Reached skill level 16 in Dodging
 10471 | Lair:3   | Found a staircase to the Shoals.
 10484 | Lair:3   | 10484 ||| INVOKING Finesse.
 10485 | Lair:3   | 10485 ||| INVOKING Heroism.
 10487 | Lair:3   | Reached skill level 6 in Invocations
 10649 | Lair:3   | 10649 ||| READING scroll of acquirement.
 10649 | Lair:3   | 10649 ||| ACQUIRING 903 gold pieces
 10649 | Lair:3   | Acquired 903 gold pieces
 11141 | Lair:3   | Reached skill level 6 in Fighting
 11307 | Lair:3   | 11307 ||| READING scroll of identify.
 11307 | Lair:3   | 11307 ||| IDENTIFYING yellow potion
 11308 | Lair:3   | 11308 ||| DRINKING 2 silvery potions.
 11309 | Lair:3   | 11309 ||| DROPPING potion of invisibility.
 11310 | Lair:3   | 11310 ||| DROPPING potion of lignification.
 11415 | Lair:4   | Found a staircase to the Slime Pits.
 11454 | Lair:4   | 11454 ||| RETREEEEATING.
 11456 | Lair:4   | 11456 ||| RETREEEEATING.
 11459 | Lair:4   | 11459 ||| RETREEEEATING.
 11462 | Lair:4   | 11462 ||| RETREEEEATING.
 11471 | Lair:4   | Reached ***** piety under Okawaru
 11489 | Lair:4   | 11489 ||| RETREEEEATING.
 11494 | Lair:4   | 11494 ||| RETREEEEATING.
 11495 | Lair:4   | 11495 ||| RETREEEEATING.
 11497 | Lair:4   | 11497 ||| RETREEEEATING.
 11557 | Lair:4   | 11557 ||| RETREEEEATING.
 11562 | Lair:4   | 11562 ||| RETREEEEATING.
 11563 | Lair:4   | 11563 ||| RETREEEEATING.
 11564 | Lair:4   | 11564 ||| RETREEEEATING.
 11565 | Lair:4   | 11565 ||| RETREEEEATING.
 11566 | Lair:4   | 11566 ||| RETREEEEATING.
 11579 | Lair:4   | 11579 ||| RETREEEEATING.
 11581 | Lair:4   | 11581 ||| RETREEEEATING.
 11705 | Lair:4   | Received a gift from Okawaru
 11878 | Lair:4   | Noticed Snorg
 11879 | Lair:4   | 11879 ||| INVOKING Finesse.
 11889 | Lair:4   | Killed Snorg
 12072 | Lair:4   | Reached XP level 13. HP: 65/65 MP: 20/20
 12081 | Lair:4   | 12081 ||| RETREEEEATING.
 12084 | Lair:4   | Reached skill level 15 in Ranged Weapons
 12090 | Lair:4   | 12090 ||| RETREEEEATING.
 12092 | Lair:4   | 12092 ||| RETREEEEATING.
 12094 | Lair:4   | Reached skill level 9 in Invocations
 12136 | Lair:4   | 12136 ||| INVOKING Finesse.
 12253 | Lair:4   | Identified the ring "Domeno" {Fire +Blink rPois Dex+3}
 12457 | Lair:4   | 12457 ||| DROPPING ring of fire.
 12458 | Lair:4   | 12458 ||| UPGRADING to ring "Domeno" {Fire +Blink rPois
                  | Dex+3}.
 12460 | Lair:4   | 12460 ||| UPGRADING to +6 ring of strength.
 12476 | Lair:5   | Entered Level 5 of the Lair of Beasts
 12574 | Lair:5   | 12574 ||| RETREEEEATING.
 12575 | Lair:5   | 12575 ||| RETREEEEATING.
 12576 | Lair:5   | 12576 ||| RETREEEEATING.
 12577 | Lair:5   | 12577 ||| RETREEEEATING.
 12578 | Lair:5   | 12578 ||| RETREEEEATING.
 12579 | Lair:5   | 12579 ||| RETREEEEATING.
 12580 | Lair:5   | 12580 ||| RETREEEEATING.
 12581 | Lair:5   | 12581 ||| RETREEEEATING.
 12582 | Lair:5   | 12582 ||| RETREEEEATING.
 12583 | Lair:5   | 12583 ||| RETREEEEATING.
 12584 | Lair:5   | 12584 ||| RETREEEEATING.
 12589 | Lair:5   | 12589 ||| RETREEEEATING.
 12590 | Lair:5   | 12590 ||| RETREEEEATING.
 12591 | Lair:5   | 12591 ||| RETREEEEATING.
 12592 | Lair:5   | 12592 ||| RETREEEEATING.
 12593 | Lair:5   | 12593 ||| RETREEEEATING.
 12594 | Lair:5   | 12594 ||| RETREEEEATING.
 12595 | Lair:5   | 12595 ||| RETREEEEATING.
 12596 | Lair:5   | 12596 ||| RETREEEEATING.
 12597 | Lair:5   | 12597 ||| RETREEEEATING.
 12598 | Lair:5   | 12598 ||| RETREEEEATING.
 12599 | Lair:5   | 12599 ||| RETREEEEATING.
 12600 | Lair:5   | 12600 ||| RETREEEEATING.
 12601 | Lair:5   | 12601 ||| RETREEEEATING.
 12603 | Lair:5   | 12603 ||| ZAPPING wand of light (3) at -3,-1 (polar bear;
                  | floor).
 12605 | Lair:5   | Received a gift from Okawaru
 12727 | Lair:5   | 12727 ||| INVOKING Finesse.
 12728 | Lair:5   | 12728 ||| INVOKING Heroism.
 12823 | Lair:5   | 12823 ||| RETREEEEATING.
 12829 | Lair:5   | 12829 ||| RETREEEEATING.
 12830 | Lair:5   | 12830 ||| RETREEEEATING.
 12831 | Lair:5   | 12831 ||| RETREEEEATING.
 12859 | Lair:5   | Reached skill level 17 in Dodging
 12931 | Lair:5   | Found a runed translucent door.
 12931 | Lair:5   | Found a shimmering altar of Xom.
 12931 | Lair:5   | Noticed qw's ghost (journeyman GrHu)
 12980 | Lair:5   | 12980 ||| INVOKING Finesse.
 12981 | Lair:5   | 12981 ||| INVOKING Heroism.
 13022 | Lair:5   | Reached skill level 18 in Dodging
 13095 | Lair:5   | 13095 ||| RETREEEEATING.
 13096 | Lair:5   | 13096 ||| RETREEEEATING.
 13097 | Lair:5   | 13097 ||| RETREEEEATING.
 13098 | Lair:5   | 13098 ||| RETREEEEATING.
 13099 | Lair:5   | 13099 ||| RETREEEEATING.
 13100 | Lair:5   | 13100 ||| RETREEEEATING.
 13222 | Lair:5   | 13222 ||| Stepping ~*~*~tactically~*~*~ (cloud).
 13444 | Lair:5   | Received a gift from Okawaru
 13856 | Lair:5   | Identified the +0 rapier of Vuud {heavy, rPois rF+ rC++}
 13857 | Lair:5   | Got an earthy gem with 294 turns to spare
 14009 | Lair:5   | 14009 ||| PLANNING D:1-11
 14009 | Lair:5   | 14009 ||| DROPPING ring of magical power.
 14010 | Lair:5   | 14010 ||| READING 7 scrolls of identify.
 14010 | Lair:5   | 14010 ||| IDENTIFYING amethyst potion
 14367 | D:11     | Reached XP level 14. HP: 72/72 MP: 22/22
 14543 | D:11     | Noticed Maurice
 14551 | D:11     | Killed Maurice
 14641 | D:11     | Found a staircase to the Orcish Mines.
 14829 | D:11     | 14829 ||| RETREEEEATING.
 14837 | D:11     | Received a gift from Okawaru
 14991 | D:11     | Identified the +2 robe "Ylefuh" {rElec Dex+2}
 15016 | D:11     | Reached skill level 19 in Dodging
 15235 | D:11     | 15235 ||| PLANNING D
 15235 | D:11     | 15235 ||| UPGRADING to +0 cloak.
 15240 | D:11     | 15240 ||| DROPPING +2 robe "Ylefuh" {rElec Dex+2}.
 15241 | D:11     | 15241 ||| UPGRADING to amulet of faith.
 15246 | D:11     | 15246 ||| READING 7 scrolls of identify.
 15246 | D:11     | 15246 ||| IDENTIFYING sedimented dark potion
 15247 | D:11     | 15247 ||| READING 6 scrolls of identify.
 15247 | D:11     | 15247 ||| IDENTIFYING glowing emerald potion
 15248 | D:11     | 15248 ||| DROPPING potion of brilliance.
 15249 | D:11     | 15249 ||| DROPPING potion of berserk rage.
 15609 | D:12     | 15609 ||| DRINKING potion of haste.
 15678 | D:12     | Found a portal to a secret trove of treasure.
 15815 | D:12     | 15815 ||| RETREEEEATING.
 16066 | D:12     | Noticed Psyche
 16073 | D:12     | 16073 ||| RETREEEEATING.
 16075 | D:12     | Killed Psyche
 16076 | D:12     | Received a gift from Okawaru
 16079 | D:12     | Reached ****** piety under Okawaru
 16081 | D:12     | 16081 ||| INVOKING Receive Weapon.
 16081 | D:12     | 16081 ||| ACQUIRING +6 arbalest "Damnation" {damnation}
 16081 | D:12     | Acquired the +6 arbalest "Damnation" {damnation}
 16081 | D:12     | Received a gift from Okawaru
 16081 | D:12     | Found the +6 arbalest "Damnation" {damnation}
 16082 | D:12     | 16082 ||| INVOKING Receive Armour.
 16082 | D:12     | 16082 ||| ACQUIRING +2 cloak of Curiosity {rC++}
 16082 | D:12     | Acquired the +2 cloak of Curiosity {rC++}
 16082 | D:12     | Received a gift from Okawaru
 16084 | D:12     | 16084 ||| SWAPPING to +6 arbalest "Damnation" {damnation}.
 16085 | D:12     | 16085 ||| DROPPING +6 orcbow "Xeutesch" {drain, rC++ Str-5
                  | Dex+5}.
 16299 | D:12     | 16299 ||| UPGRADING to +2 cloak of Curiosity {rC++}.
 16309 | D:12     | 16309 ||| DROPPING +0 cloak.
 16310 | D:12     | 16310 ||| UPGRADING to ring of protection from fire.
 16312 | D:12     | 16312 ||| READING 5 scrolls of identify.
 16312 | D:12     | 16312 ||| IDENTIFYING bubbling black potion
 16885 | D:13     | Noticed an ironbound thunderhulk
 16886 | D:13     | 16886 ||| RETREEEEATING.
 16887 | D:13     | 16887 ||| RETREEEEATING.
 16887 | D:13     | Found a gate to the Vaults.
 16888 | D:13     | 16888 ||| RETREEEEATING.
 16889 | D:13     | 16889 ||| RETREEEEATING.
 16890 | D:13     | 16890 ||| RETREEEEATING.
 16891 | D:13     | 16891 ||| RETREEEEATING.
 16892 | D:13     | 16892 ||| RETREEEEATING.
 16893 | D:13     | 16893 ||| RETREEEEATING.
 16894 | D:13     | 16894 ||| RETREEEEATING.
 16895 | D:13     | 16895 ||| RETREEEEATING.
 16896 | D:13     | 16896 ||| RETREEEEATING.
 16897 | D:13     | 16897 ||| RETREEEEATING.
 16899 | D:13     | 16899 ||| RETREEEEATING.
 16901 | D:13     | 16901 ||| RETREEEEATING.
 16904 | D:13     | 16904 ||| RETREEEEATING.
 16906 | D:13     | 16906 ||| RETREEEEATING.
 16908 | D:13     | 16908 ||| RETREEEEATING.
 16910 | D:13     | 16910 ||| DRINKING potion of resistance.
 16911 | D:13     | 16911 ||| INVOKING Finesse.
 16912 | D:13     | 16912 ||| ZAPPING wand of light (2) at 0,-2 (ironbound
                  | thunderhulk; floor).
 16913 | D:13     | 16913 ||| ZAPPING wand of light (1) at 0,-2 (ironbound
                  | thunderhulk; floor).
 16916 | D:13     | 16916 ||| INVOKING Heroism.
 16961 | D:13     | Killed an ironbound thunderhulk
 17146 | D:14     | Noticed Agnes
 17147 | D:14     | 17147 ||| INVOKING Finesse.
 17150 | D:14     | Killed Agnes
 17150 | D:14     | Received a gift from Okawaru
 17170 | D:14     | Noticed Lodul
 17172 | D:14     | Killed Lodul
 17801 | D:14     | 17801 ||| UPGRADING to ring of willpower.
 17827 | D:15     | Entered Level 15 of the Dungeon
 17854 | D:15     | Found a staircase to the Depths.
 17857 | D:15     | 17857 ||| RETREEEEATING.
 17868 | D:15     | Received a gift from Okawaru
 17905 | D:15     | Got a smoky gem with 190 turns to spare
 17910 | D:15     | Reached skill level 18 in Ranged Weapons
 17927 | D:15     | 17927 ||| Stepping ~*~*~tactically~*~*~ (cloud).
 18115 | D:15     | 18115 ||| RETREEEEATING.
 18117 | D:15     | 18117 ||| RETREEEEATING.
 18120 | D:15     | Reached XP level 15. HP: 75/75 MP: 23/23
 18157 | D:15     | Reached skill level 20 in Dodging
 18159 | D:15     | Received a gift from Okawaru
 18305 | D:15     | 18305 ||| RETREEEEATING.
 18306 | D:15     | 18306 ||| RETREEEEATING.
 18307 | D:15     | 18307 ||| RETREEEEATING.
 18308 | D:15     | 18308 ||| RETREEEEATING.
 18309 | D:15     | 18309 ||| RETREEEEATING.
 18310 | D:15     | 18310 ||| RETREEEEATING.
 18311 | D:15     | 18311 ||| RETREEEEATING.
 18312 | D:15     | 18312 ||| RETREEEEATING.
 18414 | D:15     | 18414 ||| PLANNING ORC
 18501 | Orc:1    | Entered Level 1 of the Orcish Mines
 18502 | Orc:1    | 18502 ||| STAIRDANCE
 18507 | Orc:1    | 18507 ||| STAIRDANCE
 18518 | Orc:1    | Noticed Sonja
 18534 | Orc:1    | Killed Sonja
 18612 | Orc:1    | Received a gift from Okawaru
 18657 | Orc:1    | Noticed Fannar
 18663 | Orc:1    | Killed Fannar
 18883 | Orc:1    | Noticed Josephine
 18886 | Orc:1    | Killed Josephine
 18947 | Orc:2    | Entered Level 2 of the Orcish Mines
 18956 | Orc:2    | 18956 ||| STAIRDANCE
 18993 | Orc:2    | 18993 ||| STAIRDANCE
 19000 | Orc:2    | 19000 ||| STAIRDANCE
 19008 | Orc:2    | 19008 ||| STAIRDANCE
 19013 | Orc:2    | 19013 ||| STAIRDANCE
 19042 | Orc:2    | Reached skill level 21 in Dodging
 19084 | Orc:2    | 19084 ||| RETREEEEATING.
 19085 | Orc:2    | 19085 ||| RETREEEEATING.
 19086 | Orc:2    | 19086 ||| RETREEEEATING.
 19088 | Orc:2    | 19088 ||| RETREEEEATING.
 19089 | Orc:2    | 19089 ||| RETREEEEATING.
 19090 | Orc:2    | 19090 ||| RETREEEEATING.
 19091 | Orc:2    | 19091 ||| RETREEEEATING.
 19092 | Orc:2    | 19092 ||| RETREEEEATING.
 19093 | Orc:2    | 19093 ||| RETREEEEATING.
 19094 | Orc:2    | 19094 ||| RETREEEEATING.
 19095 | Orc:2    | 19095 ||| RETREEEEATING.
 19096 | Orc:2    | 19096 ||| RETREEEEATING.
 19097 | Orc:2    | 19097 ||| RETREEEEATING.
 19098 | Orc:2    | 19098 ||| RETREEEEATING.
 19099 | Orc:2    | 19099 ||| INVOKING Finesse.
 19108 | Orc:2    | Received a gift from Okawaru
 19155 | Orc:2    | Reached skill level 9 in Fighting
 19158 | Orc:2    | 19158 ||| INVOKING Finesse.
 19158 | Orc:2    | Noticed Nessos
 19160 | Orc:2    | Killed Nessos
 19233 | Orc:2    | Found Dilotogh's Jewellery Shoppe.
 19244 | Orc:2    | 19244 ||| BUYING +4 ring of slaying (1404 gold).
 19244 | Orc:2    | Bought a +4 ring of slaying for 1404 gold pieces
 19244 | Orc:2    | 19244 ||| BUYING amulet of reflection (540 gold).
 19244 | Orc:2    | Bought an amulet of reflection for 540 gold pieces
 19244 | Orc:2    | 19244 ||| BUYING ring of the Octopus King {HP+2 AC+2 EV+2
                  | SH+2 SInv} (925 gold).
 19244 | Orc:2    | Bought a ring of the Octopus King {HP+2 AC+2 EV+2 SH+2
                  | SInv} for 925 gold pieces
 19244 | Orc:2    | Found the ring of the Octopus King {HP+2 AC+2 EV+2 SH+2
                  | SInv}
 19246 | Orc:2    | Found Apnolif's Antique Weapon Boutique.
 19279 | Orc:2    | Found a staircase to the Elven Halls.
 19324 | Orc:2    | Received a gift from Okawaru
 19366 | Orc:2    | Found Ucat Buo's Antique Armour Shoppe.
 19378 | Orc:2    | Found Toudd's Book Boutique.
 19385 | Orc:2    | Found Kegoxiu's Antique Armour Shop.
 19481 | Orc:2    | Found Ceympoal's General Store.
 19645 | Orc:2    | Found Rovotep's Book Emporium.
 19726 | Orc:2    | 19726 ||| PLANNING SNAKE:1-3
 19726 | Orc:2    | 19726 ||| DROPPING ring of positive energy.
 19727 | Orc:2    | 19727 ||| UPGRADING to +4 ring of slaying {mikee}.
 19729 | Orc:2    | 19729 ||| DROPPING +6 ring of strength.
 19730 | Orc:2    | 19730 ||| UPGRADING to ring of the Octopus King {HP+2 AC+2
                  | EV+2 SH+2 SInv}.
 19737 | Orc:2    | 19737 ||| DROPPING ring of willpower.
 19918 | Snake:1  | Entered Level 1 of the Snake Pit
 19919 | Snake:1  | Identified the serpent talisman of Ethics {Str+2 Int+3
                  | Stlth+}
 19919 | Snake:1  | Noticed Aizul
 19920 | Snake:1  | 19920 ||| INVOKING Finesse.
 19936 | Snake:1  | Killed Aizul
 19957 | Snake:1  | Reached skill level 22 in Dodging
 19977 | Snake:1  | Received a gift from Okawaru
 20165 | Snake:1  | 20165 ||| RETREEEEATING.
 20166 | Snake:1  | 20166 ||| RETREEEEATING.
 20167 | Snake:1  | 20167 ||| RETREEEEATING.
 20169 | Snake:1  | 20169 ||| RETREEEEATING.
 20179 | Snake:1  | 20179 ||| INVOKING Finesse.
 20250 | Snake:1  | Received a gift from Okawaru
 20620 | Snake:2  | 20620 ||| INVOKING Finesse.
 20623 | Snake:2  | 20623 ||| STAIRDANCE
 20623 | Snake:2  | Noticed Vashnia
 20628 | Snake:1  | Reached XP level 16. HP: 79/84 MP: 19/24
 20659 | Snake:2  | Reached skill level 23 in Dodging
 20660 | Snake:2  | 20660 ||| STAIRDANCE
 20851 | Snake:2  | 20851 ||| RETREEEEATING.
 20853 | Snake:2  | 20853 ||| RETREEEEATING.
 20854 | Snake:2  | 20854 ||| RETREEEEATING.
 20855 | Snake:2  | 20855 ||| RETREEEEATING.
 20856 | Snake:2  | 20856 ||| RETREEEEATING.
 20857 | Snake:2  | 20857 ||| RETREEEEATING.
 20858 | Snake:2  | 20858 ||| RETREEEEATING.
 20859 | Snake:2  | 20859 ||| STAIRDANCE
 20936 | Snake:2  | Noticed Frances
 20937 | Snake:2  | 20937 ||| INVOKING Finesse.
 20948 | Snake:2  | Reached skill level 3 in Armour
 20948 | Snake:2  | Killed Frances
 20958 | Snake:2  | Received a gift from Okawaru
 20963 | Snake:2  | Killed Vashnia
 20998 | Snake:2  | Reached skill level 24 in Dodging
 21039 | Snake:2  | Received a gift from Okawaru
 21157 | Snake:2  | 21157 ||| RETREEEEATING.
 21159 | Snake:2  | 21159 ||| RETREEEEATING.
 21160 | Snake:2  | 21160 ||| RETREEEEATING.
 21162 | Snake:2  | 21162 ||| RETREEEEATING.
 21167 | Snake:2  | HP: 17/86 [salamander tyrant (32)]
 21168 | Snake:2  | 21168 ||| READING 2 scrolls of teleportation.
 21169 | Snake:2  | 21169 ||| DRINKING 2 potions of heal wounds.
 21171 | Snake:2  | 21171 ||| RETREEEEATING.
 21172 | Snake:2  | 21172 ||| DRINKING potion of heal wounds.
 21175 | Snake:2  | 21175 ||| INVOKING Finesse.
 21180 | Snake:2  | HP: 20/86 [poisoned by a naga mage (splash of poison)]
 21181 | Snake:2  | 21181 ||| READING scroll of teleportation.
 21185 | Snake:2  | HP: 15/86 [poisoned by a naga mage (splash of poison)]
 21190 | Snake:2  | HP: 12/86 [poisoned by a naga mage (splash of poison)]
 21510 | Snake:2  | 21510 ||| INVOKING Finesse.
 21621 | Snake:2  | Found Lowoet's Book Boutique.
 21621 | Snake:2  | Found Soquel's Jewellery Shoppe.
 21622 | Snake:2  | Found Qaupp's Book Boutique.
 21630 | Snake:2  | 21630 ||| BUYING +5 ring of evasion (612 gold).
 21630 | Snake:2  | Bought a +5 ring of evasion for 612 gold pieces
 21881 | Snake:2  | 21881 ||| INVOKING Finesse.
 21898 | Snake:2  | Received a gift from Okawaru
 22156 | Snake:2  | 22156 ||| DROPPING +4 ring of slaying {mikee}.
 22198 | Snake:3  | 22198 ||| INVOKING Finesse.
 22335 | Snake:3  | Received a gift from Okawaru
 22339 | Snake:3  | Reached skill level 25 in Dodging
 22581 | Snake:3  | Received a gift from Okawaru
 22609 | Snake:3  | 22609 ||| INVOKING Finesse.
 22751 | Snake:3  | 22751 ||| PLANNING SHOALS:1-3
 22751 | Snake:3  | 22751 ||| READING 9 scrolls of identify.
 22751 | Snake:3  | 22751 ||| IDENTIFYING scroll labelled VISCHI ZESERETS
 22752 | Snake:3  | 22752 ||| DROPPING scroll of blinking.
 22870 | Shoals:1 | Entered Level 1 of the Shoals
 22870 | Shoals:1 | Noticed Nikola
 22871 | Shoals:1 | 22871 ||| STAIRDANCE
 22875 | Shoals:1 | 22875 ||| STAIRDANCE
 22880 | Shoals:1 | 22880 ||| INVOKING Finesse.
 22883 | Shoals:1 | 22883 ||| STAIRDANCE
 22892 | Lair:3   | Killed Nikola
 22942 | Shoals:1 | Reached XP level 17. HP: 89/89 MP: 25/25
 23268 | Shoals:1 | Reached skill level 26 in Dodging
 23305 | Shoals:1 | Noticed a kraken
 23315 | Shoals:1 | 23315 ||| INVOKING Finesse.
 23319 | Shoals:1 | Killed a kraken
 23661 | Shoals:1 | 23661 ||| DROPPING scarf of repulsion.
 23662 | Shoals:1 | 23662 ||| DROPPING +4 ring of protection.
 23785 | Shoals:2 | HP: 9/92 [water nymph/the raging water (31)]
 23786 | Shoals:2 | 23786 ||| READING scroll of teleportation.
 23787 | Shoals:2 | 23787 ||| DRINKING potion of heal wounds.
 24322 | Shoals:2 | Found a transporter.
 24369 | Shoals:2 | Noticed Loidof's ghost (adept MiFi)
 24624 | Shoals:2 | Found a transporter.
 24637 | Shoals:2 | Found a bloodstained altar of Trog.
 24706 | Shoals:3 | Received a gift from Okawaru
 24982 | Shoals:3 | Noticed a kraken
 24983 | Shoals:3 | 24983 ||| INVOKING Finesse.
 24989 | Shoals:3 | Killed a kraken
 25071 | Shoals:3 | Noticed a tentacled monstrosity
 25072 | Shoals:3 | 25072 ||| INVOKING Finesse.
 25110 | Shoals:3 | Killed a tentacled monstrosity
 25138 | Shoals:3 | Received a gift from Okawaru
 25899 | Shoals:3 | Identified the ring of Finality {rC+++ rN+++ Int+6 Dex-4
                  | SInv}
 25901 | Shoals:3 | 25901 ||| PLANNING SNAKE:4
 25901 | Shoals:3 | 25901 ||| DROPPING ring of Finality {rC+++ rN+++ Int+6
                  | Dex-4 SInv}.
 26122 | Snake:4  | Entered Level 4 of the Snake Pit
 26180 | Snake:4  | 26180 ||| RETREEEEATING.
 26182 | Snake:4  | 26182 ||| RETREEEEATING.
 26228 | Snake:4  | 26228 ||| INVOKING Finesse.
 26235 | Snake:4  | Received a gift from Okawaru
 26239 | Snake:4  | Reached skill level 27 in Dodging
 26308 | Snake:4  | Received a gift from Okawaru
 26310 | Snake:4  | 26310 ||| RETREEEEATING.
 26311 | Snake:4  | 26311 ||| RETREEEEATING.
 26312 | Snake:4  | 26312 ||| RETREEEEATING.
 26313 | Snake:4  | 26313 ||| RETREEEEATING.
 26319 | Snake:4  | Reached skill level 12 in Fighting
 26356 | Snake:4  | Noticed Saint Roka
 26357 | Snake:4  | 26357 ||| INVOKING Finesse.
 26365 | Snake:4  | Killed Saint Roka
 26419 | Snake:4  | Reached XP level 18. HP: 71/99 MP: 26/26
 26611 | Snake:4  | Received a gift from Okawaru
 26664 | Snake:4  | 26664 ||| INVOKING Finesse.
 26744 | Snake:4  | Got a serpentine rune of Zot
 27224 | Snake:4  | 27224 ||| PLANNING VAULTS:1-4
 27224 | Snake:4  | 27224 ||| DROPPING wand of mindburst (3).
 27463 | Vaults:1 | Entered Level 1 of the Vaults
 27543 | Vaults:1 | Received a gift from Okawaru
 27555 | Vaults:1 | 27555 ||| RETREEEEATING.
 27557 | Vaults:1 | 27557 ||| INVOKING Finesse.
 27703 | Vaults:1 | 27703 ||| RETREEEEATING.
 27706 | Vaults:1 | 27706 ||| RETREEEEATING.
 27709 | Vaults:1 | 27709 ||| INVOKING Finesse.
 27719 | Vaults:1 | Received a gift from Okawaru
 28024 | Vaults:1 | 28024 ||| RETREEEEATING.
 28026 | Vaults:1 | 28026 ||| RETREEEEATING.
 28028 | Vaults:1 | 28028 ||| RETREEEEATING.
 28030 | Vaults:1 | 28030 ||| RETREEEEATING.
 28149 | Vaults:1 | Found Qaevuhuf's Antique Armour Shoppe.
 28161 | Vaults:1 | 28161 ||| BUYING ichor-stained robe (205 gold).
 28161 | Vaults:1 | Bought an ichor-stained robe for 205 gold pieces
 28161 | Vaults:1 | Identified the +1 robe "Futtehuj" {rPois rCorr} (You bought
                  | it in a shop on level 1 of the Vaults)
 28161 | Vaults:1 | 28161 ||| SHOPLISTING shimmering cloak (342 gold, have
                  | 207).
 28203 | Vaults:1 | 28203 ||| RETREEEEATING.
 28205 | Vaults:1 | 28205 ||| RETREEEEATING.
 28437 | Vaults:1 | 28437 ||| DROPPING +1 robe "Futtehuj" {rPois rCorr}.
 28554 | Vaults:1 | Found Raeseev's Weapon Shop.
 28641 | Vaults:1 | 28641 ||| DROPPING ring of resist corrosion.
 29005 | Vaults:2 | Received a gift from Okawaru
 29014 | Vaults:2 | Reached skill level 15 in Fighting
 29016 | Vaults:2 | Identified the orb of Agnosticism {*channel, Int+3}
 29016 | Vaults:2 | Noticed Frederick
 29017 | Vaults:2 | 29017 ||| INVOKING Finesse.
 29026 | Vaults:2 | Killed Frederick
 29108 | Vaults:2 | Received a gift from Okawaru
 29127 | Vaults:2 | Found a staircase to the Crypt.
 29186 | Vaults:2 | 29186 ||| READING scroll of enchant armour.
 29186 | Vaults:2 | 29186 ||| ENCHANTING +4 steam dragon scales.
 29489 | Vaults:2 | 29489 ||| INVOKING Finesse.
 29534 | Vaults:2 | You are sucked into a shaft and drop 1 floor!
 29712 | Vaults:2 | 29712 ||| INVOKING Finesse.
 29762 | Vaults:2 | Reached XP level 19. HP: 109/109 MP: 27/27
 29809 | Vaults:2 | Noticed Mennas
 29810 | Vaults:2 | 29810 ||| INVOKING Finesse.
 29821 | Vaults:2 | Killed Mennas
 29878 | Vaults:2 | 29878 ||| RETREEEEATING.
 29883 | Vaults:2 | 29883 ||| INVOKING Finesse.
 29884 | Vaults:2 | Received a gift from Okawaru
 30115 | Vaults:2 | 30115 ||| RETREEEEATING.
 30116 | Vaults:2 | 30116 ||| RETREEEEATING.
 30117 | Vaults:2 | 30117 ||| RETREEEEATING.
 30118 | Vaults:2 | 30118 ||| RETREEEEATING.
 30119 | Vaults:2 | 30119 ||| RETREEEEATING.
 30121 | Vaults:2 | 30121 ||| RETREEEEATING.
 30124 | Vaults:2 | Reached skill level 6 in Armour
 30516 | Vaults:3 | 30516 ||| INVOKING Finesse.
 30673 | Vaults:3 | Received a gift from Okawaru
 30717 | Vaults:3 | 30717 ||| INVOKING Finesse.
 30718 | Vaults:3 | 30718 ||| INVOKING Finesse.
 30861 | Vaults:3 | 30861 ||| RETREEEEATING.
 30862 | Vaults:3 | 30862 ||| RETREEEEATING.
 30863 | Vaults:3 | 30863 ||| RETREEEEATING.
 30864 | Vaults:3 | 30864 ||| RETREEEEATING.
 30865 | Vaults:3 | 30865 ||| INVOKING Finesse.
 30882 | Vaults:3 | 30882 ||| FLEEEEING.
 30883 | Vaults:3 | 30883 ||| FLEEEEING.
 30884 | Vaults:3 | 30884 ||| FLEEEEING.
 30885 | Vaults:3 | 30885 ||| FLEEEEING.
 30886 | Vaults:3 | 30886 ||| FLEEEEING.
 30887 | Vaults:3 | 30887 ||| FLEEEEING.
 30888 | Vaults:3 | 30888 ||| FLEEEEING.
 30889 | Vaults:3 | 30889 ||| FLEEEEING.
 30890 | Vaults:3 | 30890 ||| FLEEEEING.
 30891 | Vaults:3 | 30891 ||| FLEEEEING.
 30894 | Vaults:3 | 30894 ||| FLEEEEING.
 30895 | Vaults:3 | 30895 ||| FLEEEEING.
 30896 | Vaults:3 | 30896 ||| FLEEEEING.
 30898 | Vaults:3 | 30898 ||| FLEEEEING.
 30899 | Vaults:3 | 30899 ||| FLEEEEING.
 30900 | Vaults:3 | 30900 ||| FLEEEEING.
 30901 | Vaults:3 | 30901 ||| FLEEEEING.
 30903 | Vaults:3 | 30903 ||| FLEEEEING.
 30904 | Vaults:3 | 30904 ||| FLEEEEING.
 30905 | Vaults:3 | 30905 ||| FLEEEEING.
 30907 | Vaults:3 | 30907 ||| FLEEEEING.
 31291 | Vaults:3 | Received a gift from Okawaru
 31547 | Vaults:4 | 31547 ||| RETREEEEATING.
 31548 | Vaults:4 | 31548 ||| RETREEEEATING.
 31549 | Vaults:4 | 31549 ||| RETREEEEATING.
 31550 | Vaults:4 | 31550 ||| RETREEEEATING.
 31551 | Vaults:4 | 31551 ||| RETREEEEATING.
 31552 | Vaults:4 | 31552 ||| INVOKING Finesse.
 31628 | Vaults:4 | 31628 ||| RETREEEEATING.
 31629 | Vaults:4 | 31629 ||| RETREEEEATING.
 31634 | Vaults:4 | 31634 ||| RETREEEEATING.
 31639 | Vaults:4 | 31639 ||| RETREEEEATING.
 31640 | Vaults:4 | 31640 ||| RETREEEEATING.
 31641 | Vaults:4 | 31641 ||| RETREEEEATING.
 31642 | Vaults:4 | 31642 ||| RETREEEEATING.
 31644 | Vaults:4 | 31644 ||| RETREEEEATING.
 31650 | Vaults:4 | Noticed Boris
 31651 | Vaults:4 | 31651 ||| INVOKING Finesse.
 31652 | Vaults:4 | 31652 ||| INVOKING Finesse.
 31661 | Vaults:4 | Killed Boris
 31785 | Vaults:4 | Received a gift from Okawaru
 31786 | Vaults:4 | 31786 ||| INVOKING Finesse.
 31882 | Vaults:4 | Reached skill level 18 in Fighting
 31889 | Vaults:4 | 31889 ||| RETREEEEATING.
 31890 | Vaults:4 | 31890 ||| RETREEEEATING.
 31894 | Vaults:4 | 31894 ||| RETREEEEATING.
 31896 | Vaults:4 | 31896 ||| RETREEEEATING.
 31898 | Vaults:4 | 31898 ||| RETREEEEATING.
 31899 | Vaults:4 | 31899 ||| RETREEEEATING.
 31901 | Vaults:4 | 31901 ||| RETREEEEATING.
 31902 | Vaults:4 | 31902 ||| RETREEEEATING.
 31903 | Vaults:4 | 31903 ||| RETREEEEATING.
 31905 | Vaults:4 | 31905 ||| RETREEEEATING.
 31912 | Vaults:4 | 31912 ||| RETREEEEATING.
 31922 | Vaults:4 | 31922 ||| INVOKING Finesse.
 32117 | Vaults:4 | 32117 ||| RETREEEEATING.
 32124 | Vaults:4 | 32124 ||| RETREEEEATING.
 32127 | Vaults:4 | 32127 ||| INVOKING Finesse.
 32172 | Vaults:4 | Identified the ring of the Skies Above {Fire Int-3 Dex+5}
 32176 | Vaults:4 | Noticed Norris
 32177 | Vaults:4 | 32177 ||| RETREEEEATING.
 32185 | Vaults:4 | 32185 ||| INVOKING Finesse.
 32192 | Vaults:4 | Killed Norris
 32193 | Vaults:4 | Reached XP level 20. HP: 111/119 MP: 22/28
 32268 | Vaults:4 | 32268 ||| RETREEEEATING.
 32270 | Vaults:4 | 32270 ||| INVOKING Finesse.
 32278 | Vaults:4 | Received a gift from Okawaru
 32375 | Vaults:4 | 32375 ||| DROPPING ring of protection from fire.
 32377 | Vaults:4 | Noticed Margery
 32384 | Vaults:4 | 32384 ||| INVOKING Finesse.
 32403 | Vaults:4 | Killed Margery
 32409 | Vaults:4 | Noticed Xtahua
 32419 | Vaults:4 | Killed Xtahua
 32420 | Vaults:4 | 32420 ||| Stepping ~*~*~tactically~*~*~ (cloud).
 32993 | Vaults:4 | 32993 ||| PLANNING SHOALS:4
 33366 | Shoals:4 | Entered Level 4 of the Shoals
 33390 | Shoals:4 | 33390 ||| RETREEEEATING.
 33392 | Shoals:4 | 33392 ||| INVOKING Finesse.
 33393 | Shoals:4 | Noticed Polyphemus
 33394 | Shoals:4 | 33394 ||| INVOKING Heroism.
 33409 | Shoals:4 | Killed Polyphemus
 33411 | Shoals:4 | 33411 ||| Stepping ~*~*~tactically~*~*~ (cloud).
 33413 | Shoals:4 | 33413 ||| Stepping ~*~*~tactically~*~*~ (cloud).
 33418 | Shoals:4 | Received a gift from Okawaru
 33848 | Shoals:4 | 33848 ||| READING scroll of acquirement.
 33848 | Shoals:4 | 33848 ||| ACQUIRING 709 gold pieces
 33848 | Shoals:4 | Acquired 709 gold pieces
 33923 | Shoals:4 | Got a barnacled rune of Zot
 34265 | Shoals:4 | Found a runed translucent door.
 34266 | Shoals:4 | Noticed archon2's ghost (adept DEFE)
 34511 | Shoals:4 | 34511 ||| PLANNING DEPTHS
 34511 | Shoals:4 | 34511 ||| DROPPING amulet of guardian spirit.
 34512 | Shoals:4 | 34512 ||| DROPPING amulet of regeneration.
 34513 | Shoals:4 | 34513 ||| UPGRADING to ring of the Skies Above {Fire Int-3
                  | Dex+5}.
 34770 | Depths:1 | Entered Level 1 of the Depths
 34773 | Depths:1 | Received a gift from Okawaru
 34801 | Depths:1 | 34801 ||| RETREEEEATING.
 34802 | Depths:1 | 34802 ||| RETREEEEATING.
 34803 | Depths:1 | 34803 ||| RETREEEEATING.
 34829 | Depths:1 | 34829 ||| RETREEEEATING.
 34830 | Depths:1 | 34830 ||| RETREEEEATING.
 34916 | Depths:1 | Found a gateway to Hell.
 34986 | Depths:1 | Found a one-way gateway to a ziggurat.
 34997 | Depths:1 | Noticed Mara
 34998 | Depths:1 | 34998 ||| INVOKING Finesse.
 35005 | Depths:1 | Killed Mara
 35103 | Depths:1 | Found a white marble altar of Elyvilon.
 35312 | Depths:1 | 35312 ||| INVOKING Finesse.
 35328 | Depths:1 | Reached XP level 21. HP: 127/127 MP: 25/29
 35331 | Depths:1 | Received a gift from Okawaru
 35451 | Depths:1 | 35451 ||| INVOKING Finesse.
 35498 | Depths:1 | 35498 ||| RETREEEEATING.
 35751 | Depths:1 | 35751 ||| INVOKING Finesse.
 35885 | Depths:1 | 35885 ||| RETREEEEATING.
 35887 | Depths:1 | 35887 ||| RETREEEEATING.
 35889 | Depths:1 | 35889 ||| RETREEEEATING.
 35891 | Depths:1 | Noticed a caustic shrike
 35891 | Depths:1 | 35891 ||| RETREEEEATING.
 35894 | Depths:1 | 35894 ||| INVOKING Finesse.
 35903 | Depths:1 | Killed a caustic shrike
 35979 | Depths:1 | Noticed a golden dragon
 35980 | Depths:1 | 35980 ||| INVOKING Finesse.
 35983 | Depths:1 | Killed a golden dragon
 36009 | Depths:1 | Identified the staff of Gallantry {rC+ rN+ Str+9 Ice}
 36077 | Depths:1 | Identified the +8 glaive "Newtslayer" {flame, ^Fragile rC+
                  | rCorr Stlth+}
 36253 | Depths:1 | Received a gift from Okawaru
 36319 | Depths:2 | 36319 ||| RETREEEEATING.
 36320 | Depths:2 | 36320 ||| INVOKING Finesse.
 36385 | Depths:2 | Found a runed translucent gate.
 36385 | Depths:2 | Found a runed translucent gate.
 36385 | Depths:2 | Found a runed translucent gate.
 36392 | Depths:2 | Noticed qw's ghost (adept GrHu)
 36422 | Depths:2 | Found the +8 Wrath of Trog {antimagic, *Rage Rampage}
 36478 | Depths:2 | Noticed a caustic shrike
 36479 | Depths:2 | 36479 ||| INVOKING Finesse.
 36481 | Depths:2 | Killed a caustic shrike
 36537 | Depths:2 | Identified the +10 halberd of Shrieking Terror {protect,
                  | SInv}
 36543 | Depths:2 | 36543 ||| INVOKING Finesse.
 36549 | Depths:2 | Noticed a golden dragon
 36553 | Depths:2 | Killed a golden dragon
 36768 | Depths:2 | 36768 ||| INVOKING Finesse.
 36899 | Depths:2 | 36899 ||| RETREEEEATING.
 36900 | Depths:2 | 36900 ||| RETREEEEATING.
 36901 | Depths:2 | 36901 ||| RETREEEEATING.
 36902 | Depths:2 | 36902 ||| RETREEEEATING.
 36903 | Depths:2 | 36903 ||| RETREEEEATING.
 36905 | Depths:2 | 36905 ||| RETREEEEATING.
 36937 | Depths:2 | 36937 ||| INVOKING Finesse.
 36973 | Depths:2 | Found an ornate altar of the Wu Jian Council.
 37032 | Depths:2 | Found a one-way gate leading to the halls of Pandemonium.
 37101 | Depths:2 | 37101 ||| RETREEEEATING.
 37258 | Depths:2 | 37258 ||| DROPPING scarf of invisibility.
 37395 | Depths:3 | 37395 ||| RETREEEEATING.
 37397 | Depths:3 | 37397 ||| INVOKING Finesse.
 37398 | Depths:3 | 37398 ||| INVOKING Heroism.
 37454 | Depths:3 | 37454 ||| INVOKING Finesse.
 37467 | Depths:3 | Reached skill level 21 in Fighting
 37476 | Depths:3 | Received a gift from Okawaru
 37552 | Depths:3 | Found an iron altar of Okawaru.
 37587 | Depths:3 | 37587 ||| RETREEEEATING.
 37592 | Depths:3 | 37592 ||| RETREEEEATING.
 37593 | Depths:3 | 37593 ||| RETREEEEATING.
 37594 | Depths:3 | 37594 ||| RETREEEEATING.
 37595 | Depths:3 | 37595 ||| RETREEEEATING.
 37598 | Depths:3 | 37598 ||| RETREEEEATING.
 37599 | Depths:3 | 37599 ||| RETREEEEATING.
 37600 | Depths:3 | 37600 ||| RETREEEEATING.
 37602 | Depths:3 | 37602 ||| RETREEEEATING.
 37603 | Depths:3 | 37603 ||| RETREEEEATING.
 37604 | Depths:3 | 37604 ||| RETREEEEATING.
 37605 | Depths:3 | 37605 ||| RETREEEEATING.
 37606 | Depths:3 | 37606 ||| RETREEEEATING.
 37607 | Depths:3 | 37607 ||| RETREEEEATING.
 37608 | Depths:3 | 37608 ||| RETREEEEATING.
 37609 | Depths:3 | 37609 ||| RETREEEEATING.
 37612 | Depths:3 | 37612 ||| RETREEEEATING.
 37613 | Depths:3 | 37613 ||| RETREEEEATING.
 37624 | Depths:3 | 37624 ||| RETREEEEATING.
 37625 | Depths:3 | 37625 ||| RETREEEEATING.
 37626 | Depths:3 | 37626 ||| RETREEEEATING.
 37627 | Depths:3 | 37627 ||| RETREEEEATING.
 37628 | Depths:3 | 37628 ||| RETREEEEATING.
 37629 | Depths:3 | 37629 ||| RETREEEEATING.
 37630 | Depths:3 | 37630 ||| RETREEEEATING.
 37631 | Depths:3 | 37631 ||| RETREEEEATING.
 37632 | Depths:3 | 37632 ||| RETREEEEATING.
 37633 | Depths:3 | 37633 ||| RETREEEEATING.
 37634 | Depths:3 | 37634 ||| RETREEEEATING.
 37635 | Depths:3 | 37635 ||| RETREEEEATING.
 37636 | Depths:3 | 37636 ||| RETREEEEATING.
 37640 | Depths:3 | 37640 ||| RETREEEEATING.
 37643 | Depths:3 | 37643 ||| RETREEEEATING.
 37644 | Depths:3 | 37644 ||| RETREEEEATING.
 37645 | Depths:3 | 37645 ||| INVOKING Finesse.
 37780 | Depths:3 | 37780 ||| RETREEEEATING.
 37781 | Depths:3 | 37781 ||| RETREEEEATING.
 37783 | Depths:3 | 37783 ||| INVOKING Finesse.
 37793 | Depths:3 | Reached skill level 9 in Armour
 37821 | Depths:3 | Found a one-way gate to the infinite horrors of the Abyss.
 37845 | Depths:3 | 37845 ||| INVOKING Finesse.
 37874 | Depths:3 | Reached XP level 22. HP: 135/135 MP: 27/30
 37877 | Depths:3 | Received a gift from Okawaru
 37941 | Depths:3 | 37941 ||| INVOKING Finesse.
 37964 | Depths:3 | Received a gift from Okawaru
 37995 | Depths:3 | Found a runed translucent door.
 38068 | Depths:3 | Found a runed translucent door.
 38068 | Depths:3 | Noticed an ancient lich
 38072 | Depths:3 | Reached skill level 21 in Ranged Weapons
 38148 | Depths:3 | Found a sacrificial altar of Ru.
 38444 | Depths:4 | Entered Level 4 of the Depths
 38453 | Depths:4 | 38453 ||| STAIRDANCE
 38508 | Depths:4 | 38508 ||| STAIRDANCE
 38512 | Depths:4 | 38512 ||| STAIRDANCE
 38676 | Depths:4 | 38676 ||| STAIRDANCE
 38801 | Depths:4 | 38801 ||| INVOKING Finesse.
 38823 | Depths:4 | Received a gift from Okawaru
 38837 | Depths:4 | 38837 ||| INVOKING Finesse.
 38990 | Depths:4 | 38990 ||| Stepping ~*~*~tactically~*~*~ (cloud).
 39023 | Depths:4 | Found a gate to the Realm of Zot.
 39136 | Depths:4 | 39136 ||| INVOKING Finesse.
 39137 | Depths:4 | 39137 ||| INVOKING Heroism.
 39219 | Depths:4 | 39219 ||| INVOKING Finesse.
 39221 | Depths:4 | 39221 ||| RETREEEEATING.
 39223 | Depths:4 | 39223 ||| RETREEEEATING.
 39224 | Depths:4 | 39224 ||| RETREEEEATING.
 39227 | Depths:4 | 39227 ||| RETREEEEATING.
 39228 | Depths:4 | 39228 ||| RETREEEEATING.
 39229 | Depths:4 | 39229 ||| RETREEEEATING.
 39230 | Depths:4 | 39230 ||| RETREEEEATING.
 39231 | Depths:4 | 39231 ||| RETREEEEATING.
 39232 | Depths:4 | 39232 ||| RETREEEEATING.
 39233 | Depths:4 | 39233 ||| RETREEEEATING.
 39234 | Depths:4 | 39234 ||| RETREEEEATING.
 39235 | Depths:4 | 39235 ||| RETREEEEATING.
 39236 | Depths:4 | 39236 ||| RETREEEEATING.
 39237 | Depths:4 | 39237 ||| RETREEEEATING.
 39238 | Depths:4 | 39238 ||| RETREEEEATING.
 39239 | Depths:4 | 39239 ||| RETREEEEATING.
 39240 | Depths:4 | 39240 ||| RETREEEEATING.
 39241 | Depths:4 | 39241 ||| RETREEEEATING.
 39242 | Depths:4 | 39242 ||| RETREEEEATING.
 39253 | Depths:4 | 39253 ||| RETREEEEATING.
 39427 | Depths:4 | 39427 ||| INVOKING Finesse.
 39504 | Depths:4 | 39504 ||| INVOKING Finesse.
 39505 | Depths:4 | 39505 ||| INVOKING Heroism.
 39510 | Depths:4 | Noticed Grunn
 39511 | Depths:4 | 39511 ||| RETREEEEATING.
 39515 | Depths:4 | 39515 ||| RETREEEEATING.
 39530 | Depths:4 | Killed Grunn
 39631 | Depths:4 | Noticed Parghit
 39632 | Depths:4 | 39632 ||| INVOKING Finesse.
 39641 | Depths:4 | Killed Parghit
 39698 | Depths:4 | Found Badow's Distillery.
 39708 | Depths:4 | 39708 ||| BUYING potion of cancellation (160 gold).
 39708 | Depths:4 | Bought a potion of cancellation for 160 gold pieces
 39708 | Depths:4 | 39708 ||| BUYING potion of curing (60 gold).
 39708 | Depths:4 | Bought a potion of curing for 60 gold pieces
 39708 | Depths:4 | 39708 ||| BUYING potion of curing (60 gold).
 39708 | Depths:4 | Bought a potion of curing for 60 gold pieces
 39708 | Depths:4 | 39708 ||| BUYING potion of heal wounds (100 gold).
 39708 | Depths:4 | Bought a potion of heal wounds for 100 gold pieces
 39708 | Depths:4 | 39708 ||| BUYING potion of magic (160 gold).
 39708 | Depths:4 | Bought a potion of magic for 160 gold pieces
 39708 | Depths:4 | 39708 ||| BUYING potion of might (80 gold).
 39708 | Depths:4 | Bought a potion of might for 80 gold pieces
 39708 | Depths:4 | 39708 ||| BUYING potion of might (80 gold).
 39708 | Depths:4 | Bought a potion of might for 80 gold pieces
 39708 | Depths:4 | 39708 ||| BUYING potion of mutation (160 gold).
 39708 | Depths:4 | Bought a potion of mutation for 160 gold pieces
 40044 | Depths:4 | 40044 ||| PLANNING VAULTS:5
 40368 | Vaults:4 | 40368 ||| READING 6 scrolls of teleportation.
 40370 | Vaults:5 | Entered Level 5 of the Vaults
 40390 | Vaults:5 | 40390 ||| INVOKING Finesse.
 40404 | Vaults:5 | Noticed a golden dragon
 40410 | Vaults:5 | Killed a golden dragon
 40459 | Vaults:5 | Noticed a dread lich
 40462 | Vaults:5 | Killed a dread lich
 40545 | Vaults:5 | Reached XP level 23. HP: 142/142 MP: 31/31
 40643 | Vaults:5 | Noticed an ancient lich
 40644 | Vaults:5 | 40644 ||| INVOKING Finesse.
 40645 | Vaults:5 | 40645 ||| INVOKING Finesse.
 40650 | Vaults:5 | Killed an ancient lich
 40650 | Vaults:5 | Received a gift from Okawaru
 40789 | Vaults:5 | Noticed Boris
 40790 | Vaults:5 | 40790 ||| INVOKING Finesse.
 40795 | Vaults:5 | HP: 31/144 [disintegration (107)]
 40796 | Vaults:5 | 40796 ||| READING 5 scrolls of teleportation.
 40797 | Vaults:5 | 40797 ||| DRINKING 3 potions of heal wounds.
 40843 | Vaults:5 | HP: 32/144 [white very ugly thing (20)]
 40844 | Vaults:5 | 40844 ||| READING 4 scrolls of teleportation.
 40845 | Vaults:5 | 40845 ||| DRINKING 2 potions of heal wounds.
 40847 | Vaults:5 | Noticed a dread lich
 40901 | Vaults:5 | 40901 ||| INVOKING Finesse.
 40923 | Vaults:5 | Killed a dread lich
 41034 | Vaults:5 | Identified the +9 battleaxe "Ikkuleta" {heavy, rCorr}
 41156 | Vaults:5 | 41156 ||| INVOKING Finesse.
 41162 | Vaults:5 | Killed Boris
 41173 | Vaults:5 | Identified the +8 whip "X" {venom, rElec rPois Int-2
                  | Stlth+}
 41198 | Vaults:5 | 41198 ||| DRINKING potion of experience.
 41198 | Vaults:5 | Reached XP level 24. HP: 149/149 MP: 31/31
 41207 | Vaults:5 | Identified the +2 robe of Fashionability {rC+ Will+ Int+2
                  | Stlth+}
 41222 | Vaults:5 | Identified the staff of Conformity {rPois rN+ SInv Stlth+
                  | Alchemy}
 41223 | Vaults:5 | Identified the +0 robe "Zeruax" {^Drain rElec rPois rC+}
 41255 | Vaults:5 | Received a gift from Okawaru
 41264 | Vaults:5 | Identified the ring "Ixuenan" {rPois rN+ Int+4 Slay+5}
 41409 | Vaults:5 | Identified the +2 war axe of Grontol {flame, SInv}
 41420 | Vaults:5 | 41420 ||| RETREEEEATING.
 41432 | Vaults:5 | 41432 ||| Stepping ~*~*~tactically~*~*~ (cloud).
 41442 | Vaults:5 | 41442 ||| RETREEEEATING.
 41449 | Vaults:5 | Noticed an ancient lich
 41450 | Vaults:5 | 41450 ||| INVOKING Finesse.
 41461 | Vaults:5 | Killed an ancient lich
 41461 | Vaults:5 | Received a gift from Okawaru
 41508 | Vaults:5 | 41508 ||| Stepping ~*~*~tactically~*~*~ (cloud).
 41704 | Vaults:5 | 41704 ||| READING scroll of acquirement.
 41704 | Vaults:5 | 41704 ||| ACQUIRING 660 gold pieces
 41704 | Vaults:5 | Acquired 660 gold pieces
 42136 | Vaults:5 | Identified the +5 falchion "Ruclefin" {speed, Dex+5}
 42137 | Vaults:5 | Identified the dragon-blood talisman of the Nine Baking
                  | Mouths {SInv}
 42139 | Vaults:5 | Got a silver rune of Zot
 42486 | Vaults:5 | 42486 ||| PLANNING SHOPPING SPREE
 42486 | Vaults:5 | 42486 ||| DROPPING +5 ring of evasion.
 42487 | Vaults:5 | 42487 ||| UPGRADING to ring "Ixuenan" {rPois rN+ Int+4
                  | Slay+5}.
 42489 | Vaults:5 | 42489 ||| UPGRADING to +6 ring of dexterity.
 42885 | D:3      | 42885 ||| BUYING scroll of teleportation (60 gold).
 42885 | D:3      | Bought a scroll of teleportation for 60 gold pieces
 42994 | D:5      | 42994 ||| BUYING potion of resistance (280 gold).
 42994 | D:5      | Bought a potion of resistance for 280 gold pieces
 42994 | D:5      | 42994 ||| BUYING scroll of teleportation (84 gold).
 42994 | D:5      | Bought a scroll of teleportation for 84 gold pieces
 43048 | D:6      | 43048 ||| BUYING +6 ring of dexterity (396 gold).
 43048 | D:6      | Bought a +6 ring of dexterity for 396 gold pieces
 43115 | D:6      | 43115 ||| DROPPING ring of the Octopus King {HP+2 AC+2 EV+2
                  | SH+2 SInv}.
 43395 | Vaults:1 | 43395 ||| BUYING shimmering cloak (342 gold).
 43395 | Vaults:1 | Bought a shimmering cloak for 342 gold pieces
 43395 | Vaults:1 | Identified the +0 cloak of Livitod {rF+ Int+3 Dex-2 SInv}
                  | (You bought it in a shop on level 1 of the Vaults)
 43395 | Vaults:1 | 43395 ||| PLANNING ZOT:1-4
 43611 | Zot:1    | Entered Level 1 of the Realm of Zot
 43615 | Zot:1    | 43615 ||| STAIRDANCE
 43843 | Depths:4 | 43843 ||| UPGRADING to ring of the Skies Above {Fire Int-3
                  | Dex+5}.
 43845 | Depths:4 | 43845 ||| UPGRADING to ring "Ixuenan" {rPois rN+ Int+4
                  | Slay+5}.
 43851 | Zot:1    | 43851 ||| STAIRDANCE
 43864 | Depths:4 | HP: 35/149 [burnt (3)]
 43867 | Depths:4 | HP: 16/149 [burnt (4)]
 43869 | Depths:4 | HP: 4/149 [burnt (10)]
 43870 | Depths:4 | HP: 1/149 [burnt (3)]
 43871 | Depths:4 | Incinerated by a balrug

Levels and vault maps discovered:
D:1:      spicycebolla_arrival_clurvy, layout_basic
D:2:      layout_loops_ring, serial_forest, infiniplex_forest_clump_diagonal,
          infiniplex_forest_end_2, infiniplex_forest_lined_3,
          infiniplex_forest_clump_tiny, infiniplex_forest_clump_small,
          chequers_ecumenical_altar_simple_redux,
          minmay_fractal_squares_gapless_5
D:3:      layout_basic, serial_shops, shop_fountains, nicolae_shop_peninsula,
          nicolae_shop_tiny_real_fake_doors, shop, uniq_grinder
D:4:      layout_cave_pods, overflow_temple_1_default, temple_statues,
          chequers_arboretum, grunt_ministairs_9
D:5:      layout_basic, mainiacjoe_overflow_boulevard, lemuel_crystal_altar,
          serial_shops, nicolae_shop_real_fake_doors, minmay_gold_behind_fungi,
          nicolae_alphabet_shops
D:6:      corexii_shantytown, layout_loops_corners,
          mainiacjoe_sewer_entry_somewhere_in_here_1, serial_shops, shop,
          uniq_crazy_yiuf_cottage
D:7:      layout_rooms
D:8:      layout_basic
D:9:      layout_roguey, cheibriados_altar_1, grunt_lair_entry_orc_guard_hut,
          minmay_sticks_and_stones
D:10:     layout_loops_cross, jmf_multi_god_temple, uniq_harold
D:11:     layout_basic, minmay_orc_entry_temple_small,
          minmay_fractal_squares_gapless_7, uniq_maurice
D:12:     layout_stronghold, enter_trove_0, uniq_psyche
D:13:     layout_basic, hellmonk_vaults_keyhole
D:14:     layout_gridville, serial_rivers, chequers_serial_rivers_small_3,
          chequers_serial_rivers_room_a, chequers_serial_rivers_room_b,
          chequers_serial_rivers_small_3, chequers_serial_rivers_marsh,
          nicolae_sextant, drop_trap, uniq_lodul, uniq_agnes
D:15:     gammafunk_depths_entry_grave, layout_loops_ring, minivault_19
Temple:   eino_temple_scatter_basement
Lair:1:   layout_loops_ring, beast_lair_carwin_6, grunt_megastairs_3
Lair:2:   layout_hall_layers, alex1729_snake_entry_snake, ice2_lemuel
Lair:3:   layout_cave_pods, elwin_shoals_entry_rocks
Lair:4:   cheibrodos_lair_overgrown_chateau, layout_gridlike, slime_entry_1,
          uniq_snorg
Lair:5:   gammafunk_lair_ancient_temple, layout_small_grid, ebering_ghost_xom,
          nicolae_lair_grove_arrangements
Shoals:1: layout_shoals, nicolae_shoals_flooded_hall, uniq_nikola
Shoals:2: layout_shoals, gammafunk_ghost_wrathful_warriors
Shoals:3: dreamdust_from_the_deep, layout_shoals,
          nicolae_shoals_former_cling_halls
Shoals:4: shoals_end_simple, layout_shoals, gammafunk_ghost_grave,
          uniq_polyphemus
Snake:1:  layout_misc_corridors, uniq_aizul
Snake:2:  layout_misc_corridors, minmay_shop_grove, uniq_frances, uniq_vashnia
Snake:3:  layout_cave_shapes, serial_library_hellmonk_metal_room
Snake:4:  snake_pit, layout_cave_town, uniq_saint_roka
Orc:1:    layout_caves, uniq_fannar, uniq_josephine, uniq_sonja
Orc:2:    grunt_orc_gardens, layout_diamond_mine, grunt_orc_garden,
          grunt_orc_garden, grunt_orc_garden, grunt_orc_garden, basic_altar,
          serial_shops, shop, shop, shop, minmay_orc_temple_b, uniq_nessos
Vaults:1: nicolae_vaults_oval_intersection, vaults_room_fancy_cross,
          hangedman_vaults_restitches, nicolae_vaults_taking_the_gang_shopping,
          layout_vaults_quadrants, serial_shops, nicolae_shop_hallway_plus
Vaults:2: nicolae_vaults_mini_display_case, nicolae_vaults_steering_wheel,
          nicolae_vaults_meiosis, nicolae_vaults_off_center_swirl,
          ontoclasm_vaults_hangar, serial_library_hellmonk_reading_circle,
          nicolae_vaults_closet_pinwheel_3, nicolae_vaults_ninety_degrees,
          v_pattern_4, nicolae_vaults_double_plus_1, ontoclasm_vaults_twist,
          ontoclasm_vaults_gateway, nicolae_vaults_house_1,
          minmay_crypt_entry_simple_statues, layout_vaults_omnibox,
          uniq_frederick, uniq_mennas
Vaults:3: nicolae_vaults_network_star, nicolae_vaults_tangram_1,
          vaults_room_octagon, nicolae_vaults_offset_grid_hallway_2,
          nicolae_vaults_sealed_display, vaults_mumra_chevron_long,
          nicolae_vaults_apartment_1, nicolae_vaults_hallways_thing,
          nicolae_vaults_tetromino_Z_1, v_pattern_5, vaults_mumra_minichess,
          nicolae_vaults_sightless_eye, nicolae_vaults_stepped_doors,
          nicolae_vaults_diamond_1, layout_vaults_ring
Vaults:4: nicolae_vaults_thirteen_compartments, nicolae_vaults_surprise_closet,
          nicolae_vaults_little_squares_2, grunt_vaults_funnel,
          dpeg_vaults_monster_row, nicolae_vaults_trapezoid_lopsided_2,
          nicolae_vaults_variable_pillar_hall, v_misc_2,
          nicolae_vaults_sesquioval_fish, nicolae_vaults_layer_cake_slice,
          v_alt_pattern_3, layout_vaults_omnicross, uniq_xtahua, uniq_margery,
          uniq_boris, uniq_norris
Vaults:5: serial_shops
Depths:1: little_maze_vault, layout_basic, enter_ziggurat_b, hell_entry,
          nicolae_elyvilon_temple_path, uniq_mara
Depths:2: minmay_containers, layout_cave_shapes, nicolae_wu_jian_wuxing_cycle,
          ebering_ghost_rock_garden, grunt_metal_band, rand_demon_pan_entry_8,
          kilobyte_mutagenic_chamber
Depths:3: cheibrodos_witchhunters_guild, layout_basic, hell_entry,
          lemuel_round_altar, grunt_pan_entry_zigzag, abyss_entry_crystal,
          okawaru_gym_becter, infiniplex_staircase_river
Depths:4: grunt_crosshair, layout_long_grid, pf_dread_powers_of_hell,
          serial_shops, shop, grunt_pan_entry_spiral, uniq_parghit,
          uniq_josephina, uniq_grunn
Zot:1:    regret_index_zot_pan_timeshare, layout_basic, lemuel_baited_zot_trap,
          st_stairs_10

Skill      XL: |  1  2  3  4  5  6  7  8  9 10 11 12 13 14 15 16 17 18 19 20 21 22 23 24 |
---------------+-------------------------------------------------------------------------+-----
Dodging        | 3 4 5 7 9 11 13 15 16 18 19 22 25 27 | 27.0
Ranged Weapons | 5 6 7 9 11 12 14 16 18 19 20 22 | 22.6
Fighting       | 3 4 5 6 7 9 10 12 15 18 19 21 22 23 | 23.2
Armour         | 1 2 3 4 5 7 8 9 10 | 10.0
Invocations    | 4 8 10 | 10.0
Stealth        | |  1.5

Action                     |  1- 3 |  4- 6 |  7- 9 | 10-12 | 13-15 | 16-18 | 19-21 | 22-24 || total
---------------------------+-------+-------+-------+-------+-------+-------+-------+-------++-------
  Melee: Unarmed           |       |     3 |       |       |       |       |       |       ||     3
   Fire: Shortbow          |   111 |    13 |       |       |       |       |       |       ||   124
         Orcbow            |       |    95 |   394 |   634 |   581 |       |       |       ||  1704
         Arbalest          |       |       |       |       |   424 |   931 |  1049 |   653 ||  3057
 Invoke: Heroism           |       |       |       |     3 |     3 |       |     2 |     2 ||    10
         Finesse           |       |       |       |     3 |    10 |    18 |    30 |    14 ||    75
         Receive Weapon    |       |       |       |       |     1 |       |       |       ||     1
         Receive Armour    |       |       |       |       |     1 |       |       |       ||     1
  Evoke: Wand              |       |       |       |     6 |     3 |       |       |       ||     9
    Use: Scroll            |     2 |     9 |     9 |     8 |     4 |     5 |     1 |     4 ||    42
         Potion            |       |     2 |     2 |     3 |     2 |     3 |       |     3 ||    15
 Armour: Robe              |     8 |    11 |    44 |       |       |       |       |       ||    63
         Steam dragon scal |       |       |     2 |    34 |    67 |    58 |    84 |    46 ||   291
  Dodge: Dodged            |    28 |    53 |   161 |   299 |   355 |   259 |   517 |   164 ||  1836
  Block: Other             |       |       |       |       |     1 |     9 |    20 |     5 ||    35

Table legend:
 A = Non-vault XP
 B = Vault XP
 C = Vault XP percentage of total XP
 D = Non-vault monster count
 E = Vault monster count
 F = Vault count percentage of total count
                 A         B        C        D         E       F
            +---------+---------+-------+---------+---------+-------
      Total |  478164 |  456986 |  48.9 |    1071 |     607 |  36.2
            +---------+---------+-------+---------+---------+-------
        D:1 |      40 |       0 |   0.0 |      22 |       0 |   0.0
        D:2 |      64 |       5 |   7.2 |      18 |       3 |  14.3
        D:3 |      89 |     267 |  75.0 |      22 |       1 |   4.3
        D:4 |     317 |      47 |  12.9 |      12 |       2 |  14.3
        D:5 |     719 |       3 |   0.4 |      20 |       2 |   9.1
        D:6 |     938 |     112 |  10.7 |      20 |      33 |  62.3
        D:7 |    1157 |       0 |   0.0 |      26 |       0 |   0.0
        D:8 |    1004 |       0 |   0.0 |      21 |       0 |   0.0
        D:9 |    1326 |    1523 |  53.5 |      16 |       7 |  30.4
       D:10 |    2838 |    1164 |  29.1 |      23 |       3 |  11.5
       D:11 |    4179 |    5551 |  57.1 |      23 |      21 |  47.7
       D:12 |    6314 |     346 |   5.2 |      19 |       1 |   5.0
       D:13 |    4577 |    3667 |  44.5 |      10 |       4 |  28.6
       D:14 |    5451 |    3218 |  37.1 |      15 |      11 |  42.3
       D:15 |   13320 |    5403 |  28.9 |      23 |       7 |  23.3
     Lair:1 |    1498 |    1446 |  49.1 |       7 |      10 |  58.8
     Lair:2 |    6369 |    3459 |  35.2 |      32 |      16 |  33.3
     Lair:3 |    4565 |    2279 |  33.3 |      16 |       1 |   5.9
     Lair:4 |    8015 |    4890 |  37.9 |      22 |      14 |  38.9
     Lair:5 |   13835 |    6364 |  31.5 |      34 |      15 |  30.6
   Shoals:1 |   10793 |    2234 |  17.1 |      21 |       7 |  25.0
   Shoals:2 |    6051 |       0 |   0.0 |      11 |       0 |   0.0
   Shoals:3 |   13822 |    7789 |  36.0 |      28 |       7 |  20.0
   Shoals:4 |   12680 |   26892 |  68.0 |      26 |      44 |  62.9
    Snake:1 |   20231 |    1374 |   6.4 |      37 |       1 |   2.6
    Snake:2 |   31325 |    6915 |  18.1 |      62 |       5 |   7.5
    Snake:3 |   14349 |    3726 |  20.6 |      27 |       4 |  12.9
    Snake:4 |   29127 |   24403 |  45.6 |      59 |      43 |  42.2
      Orc:1 |    2300 |    3445 |  60.0 |      24 |       7 |  22.6
      Orc:2 |    2686 |   11459 |  81.0 |      40 |      39 |  49.4
   Vaults:1 |   38996 |    3360 |   7.9 |      54 |       5 |   8.5
   Vaults:2 |   14380 |   28713 |  66.6 |      23 |      27 |  54.0
   Vaults:3 |   20725 |   19640 |  48.7 |      38 |      24 |  38.7
   Vaults:4 |   30814 |   44783 |  59.2 |      44 |      41 |  48.2
   Vaults:5 |   12941 |  117872 |  90.1 |      12 |      99 |  89.2
   Depths:1 |   35631 |   38357 |  51.8 |      42 |      32 |  43.2
   Depths:2 |   31786 |   16387 |  34.0 |      38 |      15 |  28.3
   Depths:3 |   43878 |   27236 |  38.3 |      51 |      32 |  38.6
   Depths:4 |   29034 |   32657 |  52.9 |      33 |      24 |  42.1
            +---------+---------+-------+---------+---------+-------
